 Dungeon Crawl Stone Soup version 0.29.1 (webtiles) character file.

Game seed: 9248310159977692739

330508 qw the Slayer (level 20, -21/208 (210) HPs)
             Began as a Minotaur Berserker on Sept 13, 2022.
             Was an Elder of Trog.
             Killed from afar by Boris (82 damage)
             ... with an iron shot
             ... on level 3 of the Depths.
             The game lasted 00:19:20 (54186 turns).

qw the Slayer (Minotaur Berserker)                 Turns: 54186, Time: 00:19:20

HP:   -21/208 (210) AC: 45    Str: 29    XL:     20   Next: 85%
MP:   19/19         EV: 12    Int:  4    God:    Trog [****..]
Gold: 3044          SH: 28    Dex: 12    Spells: 19/19 levels left

rFire   . . .      SeeInvis .   Y - +4 broad axe (protect)
rCold   . . .      Faith    .   e - +2 tower shield
rNeg    . . .      Spirit   .   n - +4 plate armour of Uskayaw's Displeasure {Stlth+}
rPois   +          Reflect  +   (helmet restricted)
rElec   +          Harm     .   l - +2 cloak
rCorr   +          Rampage  .   g - +2 pair of gloves of Spite {rElec rCorr}
Will    +++..                   h - +2 pair of boots
Stlth   ..........              w - amulet of reflection
HPRegen 1.44/turn               x - ring "Gugib" {rPois Slay+5 Stlth-}
MPRegen 0.16/turn               v - +4 ring of protection

@: strong-willed (expiring), under a protective aura, on berserk cooldown,
regenerating (expiring), slowed, lightly drained, very slow
A: horns 2, retaliatory headbutt
}: 2/15 runes: decaying, serpentine
a: Renounce Religion, Berserk, Trog's Hand, Brothers in Arms


You were on level 3 of the Depths.
You worshipped Trog.
Trog was greatly pleased with you.
You visited 7 branches of the dungeon, and saw 37 of its levels.

You collected 5732 gold pieces.
You spent 2688 gold pieces at shops.


Innate Abilities, Weirdness & Mutations

You have a pair of horns on your head.
You reflexively headbutt those who attack you in melee.


   Skills:
 - Level 25.0 Fighting
 - Level 19.0 Axes
 - Level 8.9 Throwing
 + Level 20.1 Armour
 - Level 13.0 Dodging
 - Level 21.4 Shields


You had 19 spell levels left.
You didn't know any spells.
Your spell library was empty.

Inventory:

Hand Weapons
 Y - a +4 broad axe of protection (weapon)
Missiles
 a - 3 silver boomerangs (quivered)
Armour
 e - a +2 tower shield (worn)
 g - the +2 pair of gloves of Spite (worn) {rElec rCorr}
   (You found it on level 3 of the Swamp)

   rElec:     It insulates you from electricity.
   rCorr:     It protects you from acid and corrosion.
 h - a +2 pair of boots (worn)
 l - a +2 cloak (worn)
 n - the +4 plate armour of Uskayaw's Displeasure (worn) {Stlth+}
   (You found it on level 2 of the Depths)

   Stlth:     It makes you more stealthy.
 r - +0 fire dragon scales
 s - the +7 chain mail "Pahusmoat" {rPois rN+}
   (You found it on level 13 of the Dungeon)

   rPois:     It protects you from poison.
   rN:        It protects you from negative energy.
Jewellery
 c - a ring of fire
 v - a +4 ring of protection (right hand)
 w - an amulet of reflection (around neck)
 x - the ring "Gugib" (left hand) {rPois Slay+5 Stlth-}
   (You bought it in a shop on level 2 of the Orcish Mines)

   [ring of poison resistance]

   Slay:      It affects your accuracy & damage with ranged weapons and melee
   (+5).
   rPois:     It protects you from poison.
   Stlth:     It makes you less stealthy.
Wands
 o - a wand of digging (17)
Scrolls
 b - 18 scrolls of identify
 j - 14 scrolls of teleportation
 m - 2 scrolls of enchant armour
Potions
 d - 18 potions of curing
 f - 7 potions of mutation
 i - a potion of cancellation
 k - 6 potions of heal wounds
 p - 4 potions of haste

Dungeon Overview and Level Annotations

Branches:
Dungeon (15/15)            Temple (0/1) D:6            Lair (5/5) D:11
  Swamp (4/4) Lair:3        Snake (4/4) Lair:3        Slime (0/5) Lair:4
    Orc (2/2) D:10            Elf (0/3) Orc:2        Vaults (4/5) D:14
  Crypt (0/3) Vaults:2     Depths (3/4) D:15

Altars:
Ashenzari
Cheibriados
Elyvilon
Gozag
Kikubaaqudgha
Okawaru
Qazlal
Xom
Yredelemnul
The Shining One

Shops:
D:5 [   D:6 *   D:9 (   D:10 *   Orc:1 *   Orc:2 ((!=   Snake:1 *(   Snake:3 *
Depths:1 [:*

Portals:
Hell: Depths:1 Depths:2
Abyss: Depths:1
Pandemonium: Depths:2
Ziggurat: Depths:2
Trove: D:12 (give 8 scrolls of fog)

Annotations:
D:11 3 runed translucent doors, Feqinguf's ghost, journeyman DsCA
Lair:2 3 runed translucent doors, qw's ghost, journeyman GrFi
Lair:4 1 runed translucent door
Snake:1 1 runed translucent door
Depths:1 6 transporters
Depths:3 Boris; Xtahua


Message History

Deactivating autopickup; reactivate with Ctrl-A.
Xtahua roars, "I HOPE YOU'RE TASTY!"
Something hits you but does no damage. You block something's attack.
Xtahua roars horribly.
54178 ||| Stepping ~*~*~tactically~*~*~ (hiding).
You feel the effects of Trog's Hand fading.
You hear some strange, mumbled words.
A bolt of cold appears from out of thin air!
The bolt of cold hits you!
You hit something but do no damage. You headbutt something!
Something hits you but does no damage.
Something touches you but does no damage.
Xtahua roars, "I HOPE YOU'RE TASTY!"
You slash something!
You hear some strange, mumbled words.
A bolt of cold appears from out of thin air!
The bolt of cold hits you!!! Something hits you. Something barely misses you.
You miss something. You block something's attack. x2
You hit something but do no damage.
Your skin stops crawling.
You feel less strong-willed. Something hits you but does no damage.
Something touches you but does no damage.
You closely miss something. You block something's attack.
Something touches you but does no damage.
54184 ||| INVOKING Trog's Hand.
Your skin crawls.
You feel strong-willed. Something hits you but does no damage.
Something touches you.
You feel drained.
You slice something!! Your headbutt misses something.
Something hits you but does no damage.
Something touches you but does no damage.
You barely miss something.
You feel the effects of Trog's Hand fading.
Something conjures a glowing orb.
The wavering orb of destruction weakly hits you!!
You hear some strange, mumbled words.
An iron shot appears from out of thin air!
The iron shot hits you!!!!
You die...

#...## #..... .....
#....###....### ##
#.... #!......## ...
.... #........# ....
#.###.......## .....
#............##
......#@.............
#<..D.{..........#
##.......)....<..#
##...>....).....#
##.#....#......#
###....#......#
#....#....###
#...####..## #...#
####


You could see Xtahua.

Vanquished Creatures
  A dread lich (Depths:1)
  Sojobo (Depths:2)
  Bai Suzhen (Vaults:2)
  Vashnia (Snake:4)
  Rupert (D:13)
  A tentacled monstrosity (Swamp:4)
  A sphinx (Vaults:4)
  A thorn hunter (Swamp:4)
  5 fenstrider witches
  3 shadow dragons (Depths:1)
  5 tengu reavers
  14 nagarajas (Snake:4)
  4 frost giants
  13 vault wardens
  2 orc warlords
  A balrug (Depths:2)
  A caustic shrike zombie (Depths:1)
  A very ugly thing (Vaults:2)
  A reaper (Swamp:4)
  9 ironbound preservers
  4 ghouls
  3 stone giants
  2 ironbound thunderhulks (Vaults:3)
  4 vampire knights
  5 eleionomae
  4 bunyips
  4 entropy weavers
  3 deep elf death magi
  2 spark wasps (Depths:1)
  An ettin (Depths:2)
  A blizzard demon (Swamp:4)
  5 fire dragons
  A deep elf high priest (Vaults:1)
  A shambling mangrove (Swamp:4)
  3 yaktaur captains
  2 rakshasas
  4 vault guards
  Fannar (Lair:1)
  2 great orbs of eyes
  13 hydras
  4 salamander tyrants (Snake:4)
  6 boulder beetles
  4 ice dragons
  2 ghost crabs
  14 two-headed ogres
  7 centaur warriors
  3 ogre magi
  4 ironbound frosthearts
  9 anacondas
  14 naga warriors
  A spriggan air mage (Swamp:4)
  9 alligators
  3 deep troll earth magi (Depths:1)
  5 tengu warriors
  2 deep troll shamans (Depths:1)
  3 shock serpents
  2 vampire magi (Depths:1)
  18 naga sharpshooters
  A soul eater (Depths:1)
  6 hell knights (Depths:1)
  2 orc high priests
  Sonja (D:10)
  A titan skeleton (Depths:1)
  13 spriggans
  A sixfirhy (Swamp:4)
  A salamander mystic (Snake:4)
  A shadow wraith (Depths:1)
  4 iron trolls (Depths:1)
  7 skeletal warriors
  3 goliath frogs
  Lodul (D:14)
  2 death drakes (Swamp:4)
  31 deep trolls
  3 spriggan druids
  6 anaconda zombies (Snake:1)
  8 spectral anacondas (Snake:1)
  A glowing orange brain (Depths:2)
  8 swamp dragons
  A swamp dragon (shapeshifter) (D:14)
  4 bog bodies
  4 flayed ghosts (Depths:1)
  7 naga ritualists
  4 lindwurms
  18 ironbound convokers
  5 harpies (Vaults:3)
  A golden dragon skeleton (Depths:1)
  6 wizards
  15 mana vipers
  6 deep elf pyromancers
  7 orc knights
  A deep elf zephyrmancer (Swamp:4)
  6 necromancers
  A wolf spider zombie (D:15)
  An anaconda skeleton (Snake:1)
  2 phantasmal warriors
  2 oklob plants (Snake:3)
  8 salamanders
  26 ugly things
  2 manticores
  11 orc sorcerers
  2 cyclopes
  7 will-o-the-wisps
  6 elephants
  8 vault sentinels
  A frost giant skeleton (Depths:1)
  9 naga magi
  39 black mambas
  4 guardian serpents
  2 smoke demons (Depths:2)
  2 orange demons (Swamp:4)
  A storm dragon simulacrum (Depths:1)
  A centaur zombie (D:15)
  15 cane toads
  A centaur skeleton (D:15)
  A spriggan zombie (Depths:1)
  40 yaktaurs
  7 komodo dragons
  5 kobold demonologists
  An efreet (D:15)
  An unseen horror (D:11)
  3 rime drakes
  3 tengu conjurers
  Maggie (D:10)
  A spark wasp simulacrum (Depths:1)
  3 freezing wraiths
  2 hellwings (Swamp:4)
  2 anaconda simulacra (Snake:1)
  4 trolls
  2 polar bears (Lair:4)
  3 meliai (D:15)
  7 tyrant leeches
  A queen bee (shapeshifter) (D:14)
  41 slime creatures
  A tarantella (Vaults:2)
  An ettin zombie (Depths:1)
  3 bloated husks (Swamp:2)
  20 hornets
  7 blink frogs
  Sigmund (D:3)
  A centaur simulacrum (D:14)
  A vampire (D:13)
  3 wyverns (D:11)
  2 water elementals (D:15)
  4 wraiths
  16 humans (D:14)
  A yak (shapeshifter) (D:15)
  46 yaks
  5 redbacks
  6 steam dragons
  A death yak simulacrum (Lair:3)
  4 chaos spawn (Swamp:4)
  2 neqoxecs (Swamp:4)
  2 basilisks
  8 swamp worms
  3 vampire mosquitoes (D:10)
  27 nagas
  6 acid dragons
  6 wargs
  27 water moccasins
  Edmund (D:5)
  A floating eye (Depths:2)
  8 swamp drakes
  10 orc warriors
  An ice beast (D:8)
  2 sky beasts (D:7)
  2 black bears
  16 wolves
  5 boggarts (D:14)
  15 ogres
  5 centaurs
  2 phantoms
  3 kobold brigands
  10 bullfrogs
  3 necrophages
  4 scorpions
  A cane toad simulacrum (Lair:3)
  5 wights (D:8)
  3 killer bees (D:9)
  9 howler monkeys
  2 hounds
  12 orc priests
  5 iguanas
  Terence (D:3)
  29 orc wizards
  Robin (D:3)
  3 gnolls (D:5)
  4 adders
  2 white imps
  2 ufetubi
  2 worms
  4 dart slugs
  52 orcs
  5 bats
  4 endoplasms
  4 giant cockroaches
  17 goblins
  6 hobgoblins
  6 jackals (D:1)
  4 quokkas
  8 ball pythons
  3 frilled lizards
  13 kobolds
  10 rats
  A plant (Lair:2)
1217 creatures vanquished.

Vanquished Creatures (collateral kills)
  2 nagarajas (Snake:4)
  An orc warlord (Vaults:4)
  An ironbound preserver (Vaults:3)
  A yaktaur captain (Vaults:3)
  2 naga warriors (Snake:4)
  An ironbound frostheart (Vaults:2)
  3 skeletal warriors (D:12)
  An orc knight (Vaults:4)
  A wizard (Vaults:3)
  2 naga magi (Snake:4)
  A cane toad (Lair:2)
  An orange demon (Swamp:4)
  A tyrant leech (Swamp:2)
  A swamp worm (Swamp:2)
  2 nagas (Snake:4)
  An orc priest (Orc:2)
  An orc wizard (Orc:2)
23 creatures vanquished.

Vanquished Creatures (others)
  A goliath frog (Swamp:2)
  A wizard (Swamp:4)
  A deep elf pyromancer (Swamp:4)
  2 bloated husks (Swamp:1)
  A spriggan (Swamp:1)
  An orc wizard (Orc:2)
  34 foxfires
  41 fungi
  92 plants
174 creatures vanquished.

Grand Total: 1414 creatures vanquished

Notes
Turn   | Place    | Note
-------+----------+-------------------------------------------
     0 | D:1      | qw the Minotaur Berserker began the quest for the Orb.
     0 | D:1      | Reached XP level 1. HP: 19/19 MP: 0/0
     0 | D:1      | 0 ||| qw: Version: 0.1-a-119-g272c26d
     0 | D:1      | 0 ||| qw: Game counter: 11203
     0 | D:1      | 0 ||| qw: Always use a shield: true
     0 | D:1      | 0 ||| qw: Do Orc after D:15 true
     0 | D:1      | 0 ||| qw: Do second Lair branch before Depths: true
     0 | D:1      | 0 ||| qw: Lair rune preference: random
     0 | D:1      | 0 ||| qw: Plans: Normal
     0 | D:1      | 0 ||| PLANNING D:1-11
     2 | D:1      | Noticed a vampire
     4 | D:1      | Noticed a tengu
     4 | D:1      | Noticed a demigod
     6 | D:1      | Noticed a draconian
     6 | D:1      | Noticed a merfolk
     8 | D:1      | Noticed a ghoul
     8 | D:1      | Noticed a minotaur
    10 | D:1      | Noticed an ogre
    12 | D:1      | Noticed an elf
    12 | D:1      | Noticed a human
    14 | D:1      | Noticed a spriggan
    14 | D:1      | Noticed a troll
    16 | D:1      | Noticed an octopode
    16 | D:1      | Noticed a meteoran
    18 | D:1      | Noticed a palentonga
    18 | D:1      | Noticed a gargoyle
    20 | D:1      | Noticed a felid
    22 | D:1      | Noticed a vine stalker
    22 | D:1      | Noticed a formicid
    24 | D:1      | Noticed a naga
    24 | D:1      | Noticed a spriggan
    26 | D:1      | Noticed a minotaur
    26 | D:1      | Noticed a meteoran
    31 | D:1      | 31 ||| Stepping ~*~*~tactically~*~*~ (stealth).
    32 | D:1      | 32 ||| Stepping ~*~*~tactically~*~*~ (stealth).
    36 | D:1      | 36 ||| Stepping ~*~*~tactically~*~*~ (stealth).
   168 | D:1      | Reached XP level 2. HP: 26/26 MP: 1/1
   191 | D:1      | 191 ||| Stepping ~*~*~tactically~*~*~ (hiding).
   293 | D:1      | 293 ||| Stepping ~*~*~tactically~*~*~ (hiding).
   487 | D:1      | 487 ||| Stepping ~*~*~tactically~*~*~ (stealth).
   495 | D:1      | 495 ||| Stepping ~*~*~tactically~*~*~ (stealth).
   499 | D:1      | 499 ||| Stepping ~*~*~tactically~*~*~ (stealth).
   505 | D:1      | Reached ** piety under Trog
   516 | D:1      | Reached XP level 3. HP: 31/31 MP: 2/2
   533 | D:1      | Found a faded altar of an unknown god.
   636 | D:1      | 636 ||| Stepping ~*~*~tactically~*~*~ (stealth).
   639 | D:1      | 639 ||| Stepping ~*~*~tactically~*~*~ (stealth).
   642 | D:1      | 642 ||| Stepping ~*~*~tactically~*~*~ (stealth).
   643 | D:1      | 643 ||| Stepping ~*~*~tactically~*~*~ (stealth).
   652 | D:1      | 652 ||| Stepping ~*~*~tactically~*~*~ (stealth).
   657 | D:1      | 657 ||| Stepping ~*~*~tactically~*~*~ (stealth).
   675 | D:1      | 675 ||| Stepping ~*~*~tactically~*~*~ (stealth).
   677 | D:1      | 677 ||| Stepping ~*~*~tactically~*~*~ (stealth).
   773 | D:1      | 773 ||| SWAPPING to +0 war axe.
   774 | D:1      | 774 ||| DROPPING +0 hand axe.
   775 | D:1      | 775 ||| UPGRADING to +0 leather armour.
   785 | D:1      | 785 ||| DROPPING +0 animal skin.
   786 | D:1      | 786 ||| UPGRADING to +0 chain mail.
   796 | D:1      | 796 ||| DROPPING +0 leather armour.
   797 | D:1      | 797 ||| READING scroll labelled YDOCHAIPTI.
   798 | D:1      | 798 ||| READING scroll labelled WUANGI UTZESS.
   799 | D:1      | 799 ||| READING scroll labelled RIOMIA EMACK.
   800 | D:1      | 800 ||| DRINKING 3 clear potions.
   841 | D:2      | Found a shimmering altar of Xom.
   911 | D:2      | 911 ||| INVOKING Berserk.
   977 | D:2      | 977 ||| Stepping ~*~*~tactically~*~*~ (stealth).
  1024 | D:2      | 1024 ||| DROPPING +0 club.
  1042 | D:2      | 1042 ||| DROPPING +0 mace.
  1211 | D:2      | 1211 ||| UPGRADING to +6 ring of dexterity.
  1212 | D:2      | 1212 ||| READING scroll labelled ACEN EWORO.
  1213 | D:2      | 1213 ||| READING 3 scrolls labelled BACYTU DAZURCH.
  1217 | D:2      | 1217 ||| READING scroll labelled HYNIWUSMEG.
  1218 | D:2      | 1218 ||| DRINKING 2 red potions.
  1219 | D:2      | 1219 ||| READING 2 scrolls of identify.
  1219 | D:2      | 1219 ||| IDENTIFYING fizzy red potion
  1220 | D:2      | 1220 ||| DROPPING potion of attraction.
  1273 | D:3      | Reached skill level 1 in Throwing
  1398 | D:3      | 1398 ||| INVOKING Berserk.
  1597 | D:3      | 1597 ||| Stepping ~*~*~tactically~*~*~ (hiding).
  1607 | D:3      | Reached XP level 4. HP: 39/39 MP: 3/3
  1679 | D:3      | 1679 ||| DROPPING +1 mace of protection.
  1757 | D:3      | Noticed Sigmund
  1760 | D:3      | 1760 ||| INVOKING Berserk.
  1764 | D:3      | Killed Sigmund
  1765 | D:3      | Reached XP level 5. HP: 45/45 MP: 4/4
  1987 | D:3      | 1987 ||| Stepping ~*~*~tactically~*~*~ (stealth).
  1988 | D:3      | 1988 ||| Stepping ~*~*~tactically~*~*~ (stealth).
  1989 | D:3      | 1989 ||| Stepping ~*~*~tactically~*~*~ (stealth).
  1990 | D:3      | 1990 ||| Stepping ~*~*~tactically~*~*~ (stealth).
  1991 | D:3      | Noticed Robin
  1994 | D:3      | Reached *** piety under Trog
  1995 | D:3      | Reached XP level 6. HP: 49/52 MP: 5/5
  1998 | D:3      | Reached skill level 4 in Fighting
  1998 | D:3      | 1998 ||| INVOKING Berserk.
  2001 | D:3      | Killed Robin
  2008 | D:3      | 2008 ||| Stepping ~*~*~tactically~*~*~ (stealth).
  2041 | D:3      | 2041 ||| Stepping ~*~*~tactically~*~*~ (stealth).
  2042 | D:3      | 2042 ||| Stepping ~*~*~tactically~*~*~ (stealth).
  2095 | D:3      | Noticed Terence
  2099 | D:3      | 2099 ||| INVOKING Berserk.
  2101 | D:3      | Killed Terence
  2423 | D:3      | 2423 ||| UPGRADING to amulet of regeneration.
  2428 | D:3      | 2428 ||| READING scroll labelled NAEPNE SUTEAS.
  2429 | D:3      | 2429 ||| READING scroll labelled WEAGOU UNAWK.
  2430 | D:3      | 2430 ||| READING scroll labelled IHIXEU VOSOLI.
  2456 | D:3      | 2456 ||| DRINKING 2 metallic clear potions.
  2457 | D:3      | 2457 ||| READING 2 scrolls of identify.
  2457 | D:3      | 2457 ||| IDENTIFYING smoky grey potion
  2458 | D:3      | 2458 ||| DROPPING potion of ambrosia.
  2459 | D:3      | 2459 ||| DROPPING potion of brilliance.
  2485 | D:4      | 2485 ||| STAIRDANCE
  2539 | D:4      | 2539 ||| Stepping ~*~*~tactically~*~*~ (stealth).
  2540 | D:4      | 2540 ||| Stepping ~*~*~tactically~*~*~ (stealth).
  2542 | D:4      | 2542 ||| INVOKING Berserk.
  2545 | D:4      | Reached skill level 9 in Axes
  2545 | D:4      | Reached XP level 7. HP: 59/59 MP: 6/6
  2708 | D:4      | 2708 ||| Stepping ~*~*~tactically~*~*~ (stealth).
  2709 | D:4      | 2709 ||| Stepping ~*~*~tactically~*~*~ (stealth).
  2789 | D:4      | 2789 ||| SWAPPING to +0 broad axe.
  2792 | D:4      | 2792 ||| DROPPING +0 war axe.
  2840 | D:4      | Found an ancient bone altar of Kikubaaqudgha.
  3090 | D:4      | 3090 ||| DRINKING 2 cyan potions.
  3091 | D:4      | 3091 ||| READING 2 scrolls of identify.
  3091 | D:4      | 3091 ||| IDENTIFYING sedimented amethyst potion
  3092 | D:4      | 3092 ||| DROPPING potion of magic.
  3093 | D:4      | 3093 ||| DROPPING potion of degeneration.
  3106 | D:5      | Entered Level 5 of the Dungeon
  3139 | D:5      | 3139 ||| Stepping ~*~*~tactically~*~*~ (stealth).
  3140 | D:5      | 3140 ||| Stepping ~*~*~tactically~*~*~ (stealth).
  3145 | D:5      | Reached skill level 5 in Fighting
  3146 | D:5      | Found Huseageh's Armour Boutique.
  3162 | D:5      | 3162 ||| SHOPLISTING +2 chain mail of fire resistance (258
                  | gold, have 156).
  3162 | D:5      | 3162 ||| SHOPLISTING +2 scale mail "Xowytarph" {-Cast rPois
                  | SInv} (268 gold, have 156).
  3162 | D:5      | 3162 ||| SHOPLISTING +8 ring mail of Zodoaz {Rampage Drain
                  | +Blink SInv} (679 gold, have 156).
  3223 | D:5      | Reached skill level 3 in Armour
  3231 | D:5      | Noticed Edmund
  3232 | D:5      | 3232 ||| Stepping ~*~*~tactically~*~*~ (hiding).
  3235 | D:5      | 3235 ||| INVOKING Berserk.
  3238 | D:5      | Killed Edmund
  3374 | D:5      | 3374 ||| DROPPING +0 flail.
  3480 | D:5      | 3480 ||| Stepping ~*~*~tactically~*~*~ (hiding).
  3928 | D:5      | 3928 ||| UPGRADING to +0 plate armour.
  3938 | D:5      | 3938 ||| DROPPING +0 chain mail.
  3939 | D:5      | 3939 ||| READING 2 scrolls labelled JEECKEOCZOMP.
  3940 | D:5      | 3940 ||| READING scroll of enchant armour.
  3940 | D:5      | 3940 ||| ENCHANTING +0 plate armour.
  3941 | D:5      | 3941 ||| READING scroll labelled KEINEBR PEBO.
  3942 | D:5      | 3942 ||| DRINKING 2 emerald potions.
  3943 | D:5      | 3943 ||| DROPPING potion of flight.
  4003 | D:6      | Reached XP level 8. HP: 65/68 MP: 7/7
  4052 | D:6      | 4052 ||| INVOKING Berserk.
  4054 | D:6      | Reached skill level 6 in Fighting
  4213 | D:6      | 4213 ||| INVOKING Berserk.
  4221 | D:6      | 4221 ||| Stepping ~*~*~tactically~*~*~ (cloud).
  4368 | D:6      | Found Guicya's General Store.
  4378 | D:6      | 4378 ||| BUYING potion of curing (42 gold).
  4378 | D:6      | Bought a potion of curing for 42 gold pieces
  4378 | D:6      | 4378 ||| BUYING scroll of identify (28 gold).
  4378 | D:6      | Bought a scroll of identify for 28 gold pieces
  4378 | D:6      | 4378 ||| BUYING scroll of identify (28 gold).
  4378 | D:6      | Bought a scroll of identify for 28 gold pieces
  4546 | D:6      | 4546 ||| Stepping ~*~*~tactically~*~*~ (stealth).
  4549 | D:6      | 4549 ||| Stepping ~*~*~tactically~*~*~ (stealth).
  4558 | D:6      | Found a staircase to the Ecumenical Temple.
  4559 | D:6      | 4559 ||| Stepping ~*~*~tactically~*~*~ (hiding).
  4738 | D:6      | Found a white marble altar of Elyvilon.
  4755 | D:6      | 4755 ||| Stepping ~*~*~tactically~*~*~ (hiding).
  4890 | D:6      | 4890 ||| UPGRADING to +0 pair of gloves.
  4895 | D:6      | 4895 ||| UPGRADING to +1 pair of boots.
  4900 | D:6      | 4900 ||| READING 4 scrolls of identify.
  4900 | D:6      | 4900 ||| IDENTIFYING puce potion
  4972 | D:7      | 4972 ||| INVOKING Berserk.
  5168 | D:7      | 5168 ||| Stepping ~*~*~tactically~*~*~ (hiding).
  5170 | D:7      | 5170 ||| Stepping ~*~*~tactically~*~*~ (hiding).
  5177 | D:7      | Reached skill level 3 in Throwing
  5371 | D:7      | Reached XP level 9. HP: 68/75 MP: 8/8
  5496 | D:7      | 5496 ||| Stepping ~*~*~tactically~*~*~ (hiding).
  5501 | D:7      | 5501 ||| INVOKING Berserk.
  5503 | D:7      | Reached skill level 3 in Dodging
  5504 | D:7      | Reached skill level 12 in Axes
  5767 | D:7      | 5767 ||| UPGRADING to +0 cloak.
  5772 | D:7      | 5772 ||| READING scroll labelled VEOFOINLEU.
  5773 | D:7      | 5773 ||| READING scroll labelled KUNOENNI LUMY.
  5774 | D:7      | 5774 ||| READING 4 scrolls of identify.
  5774 | D:7      | 5774 ||| IDENTIFYING murky emerald potion
  5775 | D:7      | 5775 ||| DROPPING potion of lignification.
  5884 | D:8      | Noticed a komodo dragon
  5888 | D:8      | 5888 ||| INVOKING Berserk.
  5891 | D:8      | Killed a komodo dragon
  5892 | D:8      | Reached skill level 6 in Armour
  5998 | D:8      | 5998 ||| Stepping ~*~*~tactically~*~*~ (hiding).
  6166 | D:8      | Noticed a troll
  6171 | D:8      | 6171 ||| INVOKING Berserk.
  6174 | D:8      | Killed a troll
  6175 | D:8      | Reached skill level 7 in Fighting
  6282 | D:8      | 6282 ||| Stepping ~*~*~tactically~*~*~ (stealth).
  6516 | D:8      | 6516 ||| Stepping ~*~*~tactically~*~*~ (stealth).
  6707 | D:8      | Reached **** piety under Trog
  6716 | D:8      | Reached skill level 8 in Fighting
  7049 | D:8      | 7049 ||| INVOKING Berserk.
  7530 | D:9      | Reached XP level 10. HP: 53/88 MP: 9/9
  7647 | D:9      | Found a glowing golden altar of the Shining One.
  7732 | D:9      | Found Deda's Antique Weapon Shoppe.
  7741 | D:9      | 7741 ||| BUYING glowing war axe (227 gold).
  7741 | D:9      | Bought a glowing war axe for 227 gold pieces
  7744 | D:9      | 7744 ||| INVOKING Berserk.
  7855 | D:9      | 7855 ||| DROPPING +0 war axe of electrocution.
  7857 | D:9      | Identified the ring "Hoiryijo" {rPois rC- rN+ Stlth+}
  7908 | D:9      | 7908 ||| Stepping ~*~*~tactically~*~*~ (hiding).
  7988 | D:9      | Paralysed by a hornet for 1 turns
  8130 | D:9      | 8130 ||| UPGRADING to ring "Hoiryijo" {rPois rC- rN+
                  | Stlth+}.
  8131 | D:9      | 8131 ||| READING 5 scrolls of identify.
  8131 | D:9      | 8131 ||| IDENTIFYING fuming pink potion
  8132 | D:9      | 8132 ||| DROPPING potion of invisibility.
  8143 | D:10     | Entered Level 10 of the Dungeon
  8148 | D:10     | 8148 ||| STAIRDANCE
  8170 | D:10     | Reached skill level 15 in Axes
  8170 | D:10     | 8170 ||| STAIRDANCE
  8208 | D:10     | Found a staircase to the Orcish Mines.
  8229 | D:10     | Noticed Sonja
  8240 | D:10     | Killed Sonja
  8241 | D:10     | Reached skill level 9 in Fighting
  8369 | D:10     | Found a broken altar of Ashenzari.
  8370 | D:10     | 8370 ||| Stepping ~*~*~tactically~*~*~ (stealth).
  8489 | D:10     | Found an iron altar of Okawaru.
  8556 | D:10     | Noticed Maggie
  8562 | D:10     | Killed Maggie
  8563 | D:10     | Reached XP level 11. HP: 84/97 MP: 10/10
  8652 | D:10     | Found an opulent altar of Gozag.
  8655 | D:10     | Found Gozag's Platinum Reserve.
  8665 | D:10     | 8665 ||| SHOPLISTING amulet "Hasinuv" {Reflect rPois rN+++
                  | Dex-3 Slay-5 SH+5} (3490 gold, have 235).
  8665 | D:10     | 8665 ||| SHOPLISTING amulet of Secrets {Reflect Will+ SH+5}
                  | (4260 gold, have 235).
  8665 | D:10     | 8665 ||| SHOPLISTING ring of Nafitt Avir {rPois Will+ rCorr
                  | Dex+6} (5840 gold, have 235).
  8715 | D:10     | 8715 ||| Stepping ~*~*~tactically~*~*~ (hiding).
  8773 | D:10     | 8773 ||| INVOKING Berserk.
  9067 | D:10     | 9067 ||| READING scroll labelled ESSYB BOCU.
  9168 | D:10     | 9168 ||| READING 4 scrolls of identify.
  9168 | D:10     | 9168 ||| IDENTIFYING fizzy silvery potion
  9169 | D:10     | 9169 ||| DRINKING potion of experience.
  9169 | D:10     | Reached skill level 18 in Axes
  9169 | D:10     | Reached XP level 12. HP: 104/104 MP: 11/11
  9224 | D:11     | 9224 ||| Stepping ~*~*~tactically~*~*~ (hiding).
  9231 | D:11     | 9231 ||| Stepping ~*~*~tactically~*~*~ (stealth).
  9366 | D:11     | Noticed a two-headed ogre
  9372 | D:11     | Killed a two-headed ogre
  9373 | D:11     | Reached skill level 9 in Armour
  9456 | D:11     | Noticed a two-headed ogre
  9457 | D:11     | 9457 ||| FLEEEEING.
  9471 | D:11     | Killed a two-headed ogre
  9472 | D:11     | 9472 ||| FLEEEEING.
  9473 | D:11     | 9473 ||| FLEEEEING.
  9474 | D:11     | 9474 ||| FLEEEEING.
  9487 | D:11     | 9487 ||| FLEEEEING.
  9488 | D:11     | 9488 ||| FLEEEEING.
  9542 | D:11     | 9542 ||| Stepping ~*~*~tactically~*~*~ (stealth).
  9549 | D:11     | 9549 ||| Stepping ~*~*~tactically~*~*~ (stealth).
  9605 | D:11     | Found a staircase to the Lair.
  9613 | D:11     | 9613 ||| Stepping ~*~*~tactically~*~*~ (stealth).
  9616 | D:11     | Reached ***** piety under Trog
  9620 | D:11     | Reached skill level 10 in Fighting
  9857 | D:11     | Found a runed translucent gate.
  9883 | D:11     | Found a runed translucent gate.
  9883 | D:11     | Found a runed translucent gate.
  9887 | D:11     | Noticed Feqinguf's ghost (journeyman DsCA)
  9941 | D:11     | Found a broken altar of Ashenzari.
 10082 | D:11     | 10082 ||| Stepping ~*~*~tactically~*~*~ (hiding).
 10083 | D:11     | 10083 ||| Stepping ~*~*~tactically~*~*~ (hiding).
 10086 | D:11     | 10086 ||| INVOKING Berserk.
 10233 | D:11     | 10233 ||| READING scroll of enchant armour.
 10233 | D:11     | 10233 ||| ENCHANTING +0 pair of gloves.
 10630 | D:11     | Noticed a five-headed hydra
 10631 | D:11     | 10631 ||| INVOKING Brothers in Arms.
 10632 | D:11     | 10632 ||| INVOKING Brothers in Arms.
 10633 | D:11     | 10633 ||| SWAPPING to +0 hand axe of flaming.
 10635 | D:11     | 10635 ||| INVOKING Berserk.
 10641 | D:11     | Killed a one-headed hydra
 10642 | D:11     | Reached skill level 11 in Fighting
 10663 | D:11     | 10663 ||| SWAPPING to +1 broad axe.
 10819 | D:11     | 10819 ||| DROPPING +1 pair of gloves.
 11067 | D:10     | 11067 ||| PLANNING LAIR
 11134 | Lair:1   | Entered Level 1 of the Lair of Beasts
 11188 | Lair:1   | Noticed Fannar
 11216 | Lair:1   | Killed Fannar
 11289 | Lair:1   | Found a stormy altar of Qazlal.
 11307 | Lair:1   | 11307 ||| Stepping ~*~*~tactically~*~*~ (stealth).
 11310 | Lair:1   | 11310 ||| Stepping ~*~*~tactically~*~*~ (stealth).
 11314 | Lair:1   | 11314 ||| Stepping ~*~*~tactically~*~*~ (stealth).
 11317 | Lair:1   | Reached skill level 6 in Dodging
 11838 | Lair:1   | 11838 ||| UPGRADING to +2 pair of gloves.
 11848 | Lair:1   | 11848 ||| DROPPING +1 pair of gloves.
 11849 | Lair:1   | 11849 ||| READING 3 scrolls of identify.
 11849 | Lair:1   | 11849 ||| IDENTIFYING fuming ruby potion
 11918 | Lair:2   | Noticed a five-headed hydra
 11920 | Lair:2   | 11920 ||| Stepping ~*~*~tactically~*~*~ (stealth).
 11921 | Lair:2   | 11921 ||| Stepping ~*~*~tactically~*~*~ (stealth).
 11922 | Lair:2   | 11922 ||| INVOKING Brothers in Arms.
 11923 | Lair:2   | 11923 ||| SWAPPING to +0 hand axe of flaming.
 11924 | Lair:2   | 11924 ||| INVOKING Berserk.
 11925 | Lair:2   | Killed a four-headed hydra
 11936 | Lair:2   | 11936 ||| SWAPPING to +1 broad axe.
 12138 | Lair:2   | 12138 ||| INVOKING Berserk.
 12271 | Lair:2   | 12271 ||| Stepping ~*~*~tactically~*~*~ (stealth).
 12792 | Lair:2   | 12792 ||| Stepping ~*~*~tactically~*~*~ (stealth).
 12801 | Lair:2   | Reached skill level 12 in Fighting
 12824 | Lair:2   | Paralysed by a hornet for 3 turns
 12840 | Lair:2   | Reached XP level 13. HP: 93/118 MP: 12/12
 12900 | Lair:2   | 12900 ||| INVOKING Brothers in Arms.
 12901 | Lair:2   | 12901 ||| INVOKING Brothers in Arms.
 12903 | Lair:2   | 12903 ||| SWAPPING to +0 hand axe of flaming.
 12904 | Lair:2   | 12904 ||| INVOKING Berserk.
 12911 | Lair:2   | Reached skill level 12 in Armour
 12915 | Lair:2   | 12915 ||| SWAPPING to +1 broad axe.
 13054 | Lair:2   | 13054 ||| SWAPPING to +0 hand axe of flaming.
 13055 | Lair:2   | 13055 ||| INVOKING Berserk.
 13067 | Lair:2   | 13067 ||| SWAPPING to +1 broad axe.
 13228 | Lair:2   | Found a runed translucent gate.
 13228 | Lair:2   | Found a runed translucent gate.
 13228 | Lair:2   | Found a runed translucent gate.
 13228 | Lair:2   | Noticed qw's ghost (journeyman GrFi)
 13361 | Lair:2   | 13361 ||| READING 2 scrolls of identify.
 13361 | Lair:2   | 13361 ||| IDENTIFYING inky potion
 13437 | Lair:3   | 13437 ||| INVOKING Berserk.
 13511 | Lair:3   | 13511 ||| Stepping ~*~*~tactically~*~*~ (stealth).
 13513 | Lair:3   | 13513 ||| Stepping ~*~*~tactically~*~*~ (stealth).
 13593 | Lair:3   | Found a staircase to the Swamp.
 13664 | Lair:3   | 13664 ||| Stepping ~*~*~tactically~*~*~ (stealth).
 13671 | Lair:3   | 13671 ||| Stepping ~*~*~tactically~*~*~ (stealth).
 13672 | Lair:3   | 13672 ||| Stepping ~*~*~tactically~*~*~ (stealth).
 13673 | Lair:3   | 13673 ||| Stepping ~*~*~tactically~*~*~ (stealth).
 13737 | Lair:3   | 13737 ||| Stepping ~*~*~tactically~*~*~ (stealth).
 13756 | Lair:3   | 13756 ||| Stepping ~*~*~tactically~*~*~ (stealth).
 13756 | Lair:3   | Found a staircase to the Snake Pit.
 13757 | Lair:3   | 13757 ||| Stepping ~*~*~tactically~*~*~ (stealth).
 13783 | Lair:3   | Reached skill level 13 in Fighting
 13928 | Lair:3   | 13928 ||| Stepping ~*~*~tactically~*~*~ (stealth).
 13929 | Lair:3   | 13929 ||| Stepping ~*~*~tactically~*~*~ (stealth).
 13930 | Lair:3   | 13930 ||| Stepping ~*~*~tactically~*~*~ (stealth).
 13933 | Lair:3   | 13933 ||| INVOKING Berserk.
 13962 | Lair:3   | 13962 ||| Stepping ~*~*~tactically~*~*~ (stealth).
 13969 | Lair:3   | 13969 ||| Stepping ~*~*~tactically~*~*~ (stealth).
 14050 | Lair:3   | 14050 ||| Stepping ~*~*~tactically~*~*~ (stealth).
 14373 | Lair:3   | 14373 ||| Stepping ~*~*~tactically~*~*~ (stealth).
 14457 | Lair:3   | 14457 ||| FLEEEEING.
 14458 | Lair:3   | 14458 ||| FLEEEEING.
 14459 | Lair:3   | 14459 ||| FLEEEEING.
 14465 | Lair:3   | 14465 ||| FLEEEEING.
 14466 | Lair:3   | 14466 ||| FLEEEEING.
 14469 | Lair:3   | 14469 ||| FLEEEEING.
 14470 | Lair:3   | 14470 ||| FLEEEEING.
 14471 | Lair:3   | 14471 ||| FLEEEEING.
 14472 | Lair:3   | 14472 ||| FLEEEEING.
 14473 | Lair:3   | 14473 ||| FLEEEEING.
 14474 | Lair:3   | 14474 ||| STAIRDANCE
 14644 | Lair:2   | 14644 ||| READING scroll labelled GAH SASHREPRUGU.
 14736 | Lair:3   | 14736 ||| Stepping ~*~*~tactically~*~*~ (stealth).
 14737 | Lair:3   | 14737 ||| Stepping ~*~*~tactically~*~*~ (stealth).
 14749 | Lair:3   | You fall into a shaft and drop 2 floors!
 14749 | Lair:5   | Entered Level 5 of the Lair of Beasts
 14786 | Lair:5   | 14786 ||| INVOKING Berserk.
 14797 | Lair:5   | Reached skill level 14 in Fighting
 14920 | Lair:5   | 14920 ||| INVOKING Brothers in Arms.
 14921 | Lair:5   | 14921 ||| INVOKING Brothers in Arms.
 14923 | Lair:5   | 14923 ||| SWAPPING to +0 hand axe of flaming.
 14924 | Lair:5   | 14924 ||| INVOKING Berserk.
 14934 | Lair:5   | 14934 ||| SWAPPING to +1 broad axe of chaos.
 15037 | Lair:5   | 15037 ||| INVOKING Berserk.
 15171 | Lair:5   | 15171 ||| INVOKING Berserk.
 15312 | Lair:5   | Found a basalt altar of Yredelemnul.
 15362 | Lair:5   | 15362 ||| Stepping ~*~*~tactically~*~*~ (hiding).
 15372 | Lair:5   | 15372 ||| Stepping ~*~*~tactically~*~*~ (stealth).
 15374 | Lair:5   | 15374 ||| Stepping ~*~*~tactically~*~*~ (hiding).
 15487 | Lair:5   | 15487 ||| Stepping ~*~*~tactically~*~*~ (stealth).
 15488 | Lair:5   | 15488 ||| Stepping ~*~*~tactically~*~*~ (stealth).
 15490 | Lair:5   | 15490 ||| Stepping ~*~*~tactically~*~*~ (cloud).
 15492 | Lair:5   | 15492 ||| INVOKING Berserk.
 15610 | Lair:5   | 15610 ||| Stepping ~*~*~tactically~*~*~ (cloud).
 15615 | Lair:5   | 15615 ||| Stepping ~*~*~tactically~*~*~ (cloud).
 15616 | Lair:5   | 15616 ||| Stepping ~*~*~tactically~*~*~ (cloud).
 15618 | Lair:5   | 15618 ||| INVOKING Berserk.
 15753 | Lair:5   | 15753 ||| Stepping ~*~*~tactically~*~*~ (stealth).
 15762 | Lair:5   | 15762 ||| INVOKING Berserk.
 16031 | Lair:4   | 16031 ||| INVOKING Berserk.
 16034 | Lair:4   | Reached skill level 15 in Fighting
 16291 | Lair:4   | 16291 ||| INVOKING Berserk.
 16469 | Lair:4   | 16469 ||| Stepping ~*~*~tactically~*~*~ (stealth).
 16545 | Lair:4   | Found a runed translucent door.
 16557 | Lair:4   | 16557 ||| INVOKING Berserk.
 16562 | Lair:4   | Reached XP level 14. HP: 135/135 MP: 13/13
 16838 | Lair:4   | 16838 ||| INVOKING Berserk.
 16951 | Lair:4   | Identified the amulet of Xom's Flight of Fancy {Faith
                  | Int+2}
 17255 | Lair:4   | Found a staircase to the Slime Pits.
 17258 | Lair:4   | 17258 ||| DROPPING +3 chain mail.
 17259 | Lair:4   | 17259 ||| DROPPING amulet of Xom's Flight of Fancy {Faith
                  | Int+2}.
 17328 | Lair:5   | 17328 ||| READING scroll of enchant armour.
 17328 | Lair:5   | 17328 ||| ENCHANTING +1 pair of boots.
 17348 | Lair:5   | 17348 ||| INVOKING Berserk.
 17785 | Lair:5   | 17785 ||| Stepping ~*~*~tactically~*~*~ (stealth).
 17794 | Lair:5   | 17794 ||| FLEEEEING.
 17846 | Lair:5   | 17846 ||| Stepping ~*~*~tactically~*~*~ (stealth).
 17858 | Lair:5   | 17858 ||| INVOKING Berserk.
 18005 | Lair:5   | 18005 ||| READING scroll of enchant armour.
 18005 | Lair:5   | 18005 ||| ENCHANTING +0 cloak.
 18108 | Lair:5   | 18108 ||| PLANNING D
 18108 | Lair:5   | 18108 ||| UPGRADING to +4 ring of evasion.
 18110 | Lair:5   | 18110 ||| UPGRADING to +6 ring of dexterity.
 18219 | Lair:1   | 18219 ||| Stepping ~*~*~tactically~*~*~ (stealth).
 18220 | Lair:1   | 18220 ||| Stepping ~*~*~tactically~*~*~ (stealth).
 18235 | Lair:1   | Reached skill level 9 in Dodging
 18275 | D:12     | 18275 ||| Stepping ~*~*~tactically~*~*~ (stealth).
 18276 | D:12     | 18276 ||| Stepping ~*~*~tactically~*~*~ (stealth).
 18292 | D:12     | 18292 ||| Stepping ~*~*~tactically~*~*~ (stealth).
 18314 | D:12     | 18314 ||| READING scroll of enchant weapon.
 18314 | D:12     | 18314 ||| ENCHANTING +1 broad axe of chaos.
 18379 | D:12     | 18379 ||| Stepping ~*~*~tactically~*~*~ (stealth).
 18384 | D:12     | 18384 ||| Stepping ~*~*~tactically~*~*~ (stealth).
 18388 | D:12     | 18388 ||| Stepping ~*~*~tactically~*~*~ (stealth).
 18420 | D:12     | 18420 ||| READING scroll of enchant armour.
 18420 | D:12     | 18420 ||| ENCHANTING +1 cloak.
 18462 | D:12     | 18462 ||| READING scroll of enchant armour.
 18462 | D:12     | 18462 ||| ENCHANTING +1 plate armour.
 18488 | D:12     | Found a portal to a secret trove of treasure.
 18500 | D:12     | 18500 ||| READING scroll of brand weapon.
 18500 | D:12     | 18500 ||| BRANDING +2 broad axe of chaos.
 18551 | D:12     | 18551 ||| Stepping ~*~*~tactically~*~*~ (stealth).
 18559 | D:12     | 18559 ||| Stepping ~*~*~tactically~*~*~ (stealth).
 18560 | D:12     | 18560 ||| INVOKING Brothers in Arms.
 18561 | D:12     | 18561 ||| INVOKING Brothers in Arms.
 18562 | D:12     | 18562 ||| INVOKING Berserk.
 18590 | D:12     | Reached skill level 15 in Armour
 18882 | D:13     | 18882 ||| STAIRDANCE
 18906 | D:13     | 18906 ||| INVOKING Berserk.
 19036 | D:13     | 19036 ||| Stepping ~*~*~tactically~*~*~ (hiding).
 19288 | D:13     | 19288 ||| Stepping ~*~*~tactically~*~*~ (stealth).
 19289 | D:13     | 19289 ||| Stepping ~*~*~tactically~*~*~ (stealth).
 19293 | D:13     | 19293 ||| Stepping ~*~*~tactically~*~*~ (stealth).
 19321 | D:13     | Identified the +7 chain mail "Pahusmoat" {rPois rN+}
 19328 | D:13     | 19328 ||| FLEEEEING.
 19329 | D:13     | 19329 ||| FLEEEEING.
 19330 | D:13     | 19330 ||| FLEEEEING.
 19331 | D:13     | 19331 ||| FLEEEEING.
 19332 | D:13     | 19332 ||| FLEEEEING.
 19377 | D:13     | 19377 ||| READING scroll of enchant weapon.
 19377 | D:13     | 19377 ||| ENCHANTING +2 broad axe of protection.
 19444 | D:13     | Noticed Rupert
 19445 | D:13     | 19445 ||| INVOKING Trog's Hand.
 19449 | D:13     | 19449 ||| INVOKING Berserk.
 19455 | D:13     | Killed Rupert
 19460 | D:13     | Reached skill level 16 in Fighting
 19758 | D:13     | 19758 ||| Stepping ~*~*~tactically~*~*~ (hiding).
 19947 | D:13     | 19947 ||| Stepping ~*~*~tactically~*~*~ (stealth).
 19950 | D:13     | 19950 ||| INVOKING Brothers in Arms.
 19951 | D:13     | 19951 ||| SWAPPING to +0 hand axe of flaming.
 19952 | D:13     | 19952 ||| INVOKING Berserk.
 19960 | D:13     | 19960 ||| SWAPPING to +3 broad axe of protection.
 20129 | D:13     | 20129 ||| UPGRADING to +7 chain mail "Pahusmoat" {rPois
                  | rN+}.
 20139 | D:13     | 20139 ||| DROPPING +2 plate armour.
 20140 | D:13     | 20140 ||| UPGRADING to +0 buckler.
 20186 | D:14     | Found a gate to the Vaults.
 20190 | D:14     | 20190 ||| INVOKING Berserk.
 20196 | D:14     | Reached skill level 3 in Shields
 20287 | D:14     | 20287 ||| Stepping ~*~*~tactically~*~*~ (stealth).
 20291 | D:14     | 20291 ||| Stepping ~*~*~tactically~*~*~ (stealth).
 20298 | D:14     | 20298 ||| Stepping ~*~*~tactically~*~*~ (stealth).
 20301 | D:14     | Noticed Lodul
 20302 | D:14     | 20302 ||| FLEEEEING.
 20303 | D:14     | 20303 ||| FLEEEEING.
 20304 | D:14     | 20304 ||| FLEEEEING.
 20305 | D:14     | 20305 ||| FLEEEEING.
 20306 | D:14     | 20306 ||| FLEEEEING.
 20307 | D:14     | 20307 ||| FLEEEEING.
 20308 | D:14     | 20308 ||| FLEEEEING.
 20309 | D:14     | 20309 ||| FLEEEEING.
 20310 | D:14     | 20310 ||| STAIRDANCE
 20339 | D:13     | 20339 ||| DRINKING 2 fuming emerald potions.
 20444 | D:13     | 20444 ||| DROPPING potion of berserk rage.
 20447 | D:14     | 20447 ||| STAIRDANCE
 20454 | D:14     | 20454 ||| STAIRDANCE
 20475 | D:14     | 20475 ||| STAIRDANCE
 20481 | D:13     | Reached skill level 6 in Shields
 20498 | D:14     | 20498 ||| STAIRDANCE
 20512 | D:14     | 20512 ||| INVOKING Berserk.
 20514 | D:14     | Killed Lodul
 20690 | D:14     | 20690 ||| Stepping ~*~*~tactically~*~*~ (stealth).
 20797 | D:14     | 20797 ||| Stepping ~*~*~tactically~*~*~ (hiding).
 20801 | D:14     | 20801 ||| INVOKING Berserk.
 20939 | D:14     | 20939 ||| INVOKING Berserk.
 20960 | D:14     | Reached XP level 15. HP: 145/145 MP: 14/14
 20966 | D:14     | Reached skill level 9 in Shields
 21289 | D:14     | 21289 ||| Stepping ~*~*~tactically~*~*~ (hiding).
 21641 | D:14     | 21641 ||| UPGRADING to +1 kite shield of protection.
 21651 | D:14     | 21651 ||| DROPPING +0 buckler.
 21685 | D:15     | Entered Level 15 of the Dungeon
 21708 | D:15     | 21708 ||| Stepping ~*~*~tactically~*~*~ (hiding).
 21709 | D:15     | 21709 ||| INVOKING Trog's Hand.
 21710 | D:15     | 21710 ||| INVOKING Berserk.
 21848 | D:15     | Found a staircase to the Depths.
 22067 | D:15     | 22067 ||| Stepping ~*~*~tactically~*~*~ (hiding).
 22071 | D:15     | 22071 ||| Stepping ~*~*~tactically~*~*~ (hiding).
 22074 | D:15     | 22074 ||| INVOKING Trog's Hand.
 22075 | D:15     | 22075 ||| INVOKING Berserk.
 22233 | D:15     | 22233 ||| INVOKING Berserk.
 22377 | D:15     | Reached skill level 12 in Shields
 22469 | D:15     | 22469 ||| Stepping ~*~*~tactically~*~*~ (stealth).
 22472 | D:15     | 22472 ||| Stepping ~*~*~tactically~*~*~ (hiding).
 22474 | D:15     | 22474 ||| Stepping ~*~*~tactically~*~*~ (hiding).
 22527 | D:15     | 22527 ||| Stepping ~*~*~tactically~*~*~ (hiding).
 22528 | D:15     | 22528 ||| Stepping ~*~*~tactically~*~*~ (hiding).
 22532 | D:15     | 22532 ||| Stepping ~*~*~tactically~*~*~ (hiding).
 22540 | D:15     | 22540 ||| FLEEEEING.
 22742 | D:15     | 22742 ||| PLANNING ORC
 22852 | Orc:1    | Entered Level 1 of the Orcish Mines
 22903 | Orc:1    | 22903 ||| Stepping ~*~*~tactically~*~*~ (stealth).
 22906 | Orc:1    | Found a dark tunnel.
 23060 | Orc:1    | 23060 ||| Stepping ~*~*~tactically~*~*~ (stealth).
 23063 | Orc:1    | 23063 ||| Stepping ~*~*~tactically~*~*~ (hiding).
 23108 | Orc:1    | 23108 ||| Stepping ~*~*~tactically~*~*~ (stealth).
 23110 | Orc:1    | 23110 ||| Stepping ~*~*~tactically~*~*~ (stealth).
 23112 | Orc:1    | 23112 ||| Stepping ~*~*~tactically~*~*~ (hiding).
 23124 | Orc:1    | 23124 ||| INVOKING Trog's Hand.
 23125 | Orc:1    | 23125 ||| INVOKING Berserk.
 23145 | Orc:1    | Found Viatakan's General Store.
 23176 | Orc:1    | 23176 ||| Stepping ~*~*~tactically~*~*~ (stealth).
 23248 | Orc:1    | 23248 ||| Stepping ~*~*~tactically~*~*~ (stealth).
 23264 | Orc:1    | 23264 ||| BUYING potion of curing (42 gold).
 23264 | Orc:1    | Bought a potion of curing for 42 gold pieces
 23264 | Orc:1    | 23264 ||| BUYING scroll of enchant weapon (105 gold).
 23264 | Orc:1    | Bought a scroll of enchant weapon for 105 gold pieces
 23264 | Orc:1    | 23264 ||| READING scroll of enchant weapon.
 23264 | Orc:1    | 23264 ||| ENCHANTING +3 broad axe of protection.
 23499 | Orc:2    | Entered Level 2 of the Orcish Mines
 23529 | Orc:2    | 23529 ||| Stepping ~*~*~tactically~*~*~ (hiding).
 23637 | Orc:2    | 23637 ||| Stepping ~*~*~tactically~*~*~ (stealth).
 23672 | Orc:2    | 23672 ||| INVOKING Berserk.
 23821 | Orc:2    | 23821 ||| Stepping ~*~*~tactically~*~*~ (stealth).
 23839 | Orc:2    | 23839 ||| FLEEEEING.
 23842 | Orc:2    | Found a staircase to the Elven Halls.
 23847 | Orc:2    | 23847 ||| INVOKING Trog's Hand.
 23848 | Orc:2    | 23848 ||| INVOKING Berserk.
 23863 | Orc:2    | 23863 ||| INVOKING Brothers in Arms.
 23864 | Orc:2    | 23864 ||| INVOKING Brothers in Arms.
 23866 | Orc:2    | 23866 ||| INVOKING Trog's Hand.
 24071 | Orc:2    | 24071 ||| FLEEEEING.
 24073 | Orc:2    | 24073 ||| FLEEEEING.
 24074 | Orc:2    | 24074 ||| FLEEEEING.
 24075 | Orc:2    | 24075 ||| FLEEEEING.
 24076 | Orc:2    | 24076 ||| FLEEEEING.
 24077 | Orc:2    | 24077 ||| FLEEEEING.
 24078 | Orc:2    | 24078 ||| FLEEEEING.
 24079 | Orc:2    | 24079 ||| FLEEEEING.
 24080 | Orc:2    | 24080 ||| FLEEEEING.
 24081 | Orc:2    | 24081 ||| FLEEEEING.
 24092 | Orc:2    | 24092 ||| FLEEEEING.
 24093 | Orc:2    | 24093 ||| FLEEEEING.
 24094 | Orc:2    | 24094 ||| FLEEEEING.
 24095 | Orc:2    | 24095 ||| FLEEEEING.
 24104 | Orc:2    | 24104 ||| Stepping ~*~*~tactically~*~*~ (hiding).
 24105 | Orc:2    | 24105 ||| Stepping ~*~*~tactically~*~*~ (hiding).
 24106 | Orc:2    | 24106 ||| Stepping ~*~*~tactically~*~*~ (hiding).
 24107 | Orc:2    | 24107 ||| Stepping ~*~*~tactically~*~*~ (hiding).
 24127 | Orc:2    | 24127 ||| Stepping ~*~*~tactically~*~*~ (hiding).
 24128 | Orc:2    | 24128 ||| Stepping ~*~*~tactically~*~*~ (hiding).
 24137 | Orc:2    | 24137 ||| Stepping ~*~*~tactically~*~*~ (hiding).
 24278 | Orc:2    | Found Haeruuc's Weapon Emporium.
 24278 | Orc:2    | Found Yzetanod's Distillery.
 24279 | Orc:2    | Found Peiwemp's Jewellery Shoppe.
 24283 | Orc:2    | Found Nuam's Weapon Emporium.
 24288 | Orc:2    | 24288 ||| BUYING +4 ring of protection (504 gold).
 24288 | Orc:2    | Bought a +4 ring of protection for 504 gold pieces
 24288 | Orc:2    | 24288 ||| BUYING amulet of reflection (420 gold).
 24288 | Orc:2    | Bought an amulet of reflection for 420 gold pieces
 24288 | Orc:2    | 24288 ||| BUYING ring "Gugib" {rPois Slay+5 Stlth-} (652
                  | gold).
 24288 | Orc:2    | Bought the ring "Gugib" {rPois Slay+5 Stlth-} for 652 gold
                  | pieces
 24288 | Orc:2    | 24288 ||| SHOPLISTING ring of Beogh's Whim {rN+++ rCorr
                  | Dex-4 SInv} (562 gold, have 17).
 24288 | Orc:2    | 24288 ||| SHOPLISTING ring of fire (350 gold, have 17).
 24289 | Orc:2    | 24289 ||| SHOPLISTING potion of cancellation (104 gold,
                  | have 17).
 24289 | Orc:2    | 24289 ||| SHOPLISTING potion of curing (39 gold, have 17).
 24289 | Orc:2    | 24289 ||| SHOPLISTING potion of might (52 gold, have 17).
 24614 | Orc:2    | 24614 ||| PLANNING SWAMP:1-3
 24614 | Orc:2    | 24614 ||| UPGRADING to amulet of reflection.
 24624 | Orc:2    | 24624 ||| DROPPING amulet of regeneration.
 24625 | Orc:2    | 24625 ||| DROPPING ring of ice.
 24626 | Orc:2    | 24626 ||| UPGRADING to +4 ring of protection.
 24628 | Orc:2    | 24628 ||| UPGRADING to ring "Gugib" {rPois Slay+5 Stlth-}.
 24630 | Orc:2    | 24630 ||| DROPPING +6 ring of dexterity.
 24631 | Orc:2    | 24631 ||| DROPPING +4 ring of evasion.
 24815 | Swamp:1  | Entered Level 1 of the Swamp
 24816 | Swamp:1  | 24816 ||| Stepping ~*~*~tactically~*~*~ (hiding).
 24819 | Swamp:1  | 24819 ||| INVOKING Berserk.
 25012 | Swamp:1  | 25012 ||| INVOKING Berserk.
 25138 | Swamp:1  | 25138 ||| INVOKING Brothers in Arms.
 25140 | Swamp:1  | 25140 ||| SWAPPING to +0 hand axe of flaming.
 25151 | Swamp:1  | 25151 ||| SWAPPING to +4 broad axe of protection.
 25169 | Swamp:1  | 25169 ||| Stepping ~*~*~tactically~*~*~ (stealth).
 25170 | Swamp:1  | 25170 ||| Stepping ~*~*~tactically~*~*~ (stealth).
 25172 | Swamp:1  | 25172 ||| Stepping ~*~*~tactically~*~*~ (hiding).
 25214 | Swamp:1  | 25214 ||| INVOKING Berserk.
 25545 | Swamp:1  | 25545 ||| INVOKING Berserk.
 25551 | Swamp:1  | Reached skill level 15 in Shields
 25644 | Swamp:1  | 25644 ||| INVOKING Berserk.
 25650 | Swamp:1  | Reached skill level 17 in Fighting
 25874 | Swamp:1  | 25874 ||| READING 3 scrolls labelled UKIQUNK FUXUIT.
 25875 | Swamp:1  | 25875 ||| DROPPING 2 scrolls of fear.
 25961 | Swamp:2  | 25961 ||| INVOKING Berserk.
 25981 | Swamp:2  | 25981 ||| INVOKING Brothers in Arms.
 25986 | Swamp:2  | 25986 ||| Stepping ~*~*~tactically~*~*~ (water).
 26053 | Swamp:2  | Identified the +0 leather armour of the Well-Known Friars
                  | {rF+ rC++ Int+4}
 26070 | Swamp:2  | Noticed a fenstrider witch
 26071 | Swamp:2  | 26071 ||| INVOKING Trog's Hand.
 26073 | Swamp:2  | 26073 ||| INVOKING Berserk.
 26079 | Swamp:2  | Killed a fenstrider witch
 26269 | Swamp:2  | 26269 ||| Stepping ~*~*~tactically~*~*~ (hiding).
 26270 | Swamp:2  | 26270 ||| Stepping ~*~*~tactically~*~*~ (hiding).
 26271 | Swamp:2  | 26271 ||| INVOKING Berserk.
 26276 | Swamp:2  | Reached XP level 16. HP: 155/155 MP: 15/15
 26290 | Swamp:2  | 26290 ||| FLEEEEING.
 26295 | Swamp:2  | 26295 ||| FLEEEEING.
 26300 | Swamp:2  | 26300 ||| STAIRDANCE
 26596 | Swamp:2  | 26596 ||| INVOKING Berserk.
 26653 | Swamp:2  | 26653 ||| INVOKING Berserk.
 26793 | Swamp:2  | 26793 ||| Stepping ~*~*~tactically~*~*~ (water).
 26928 | Swamp:3  | 26928 ||| STAIRDANCE
 26930 | Swamp:2  | 26930 ||| INVOKING Berserk.
 27041 | Swamp:3  | 27041 ||| STAIRDANCE
 27045 | Swamp:3  | 27045 ||| STAIRDANCE
 27074 | Swamp:3  | 27074 ||| INVOKING Berserk.
 27101 | Swamp:3  | 27101 ||| Stepping ~*~*~tactically~*~*~ (stealth).
 27103 | Swamp:3  | 27103 ||| Stepping ~*~*~tactically~*~*~ (stealth).
 27104 | Swamp:3  | 27104 ||| Stepping ~*~*~tactically~*~*~ (stealth).
 27178 | Swamp:3  | 27178 ||| Stepping ~*~*~tactically~*~*~ (hiding).
 27326 | Swamp:3  | 27326 ||| Stepping ~*~*~tactically~*~*~ (hiding).
 27327 | Swamp:3  | 27327 ||| SWAPPING to +0 hand axe of flaming.
 27333 | Swamp:3  | 27333 ||| SWAPPING to +4 broad axe of protection.
 27365 | Swamp:3  | 27365 ||| INVOKING Berserk.
 27379 | Swamp:3  | Reached skill level 18 in Fighting
 27385 | Swamp:3  | 27385 ||| Stepping ~*~*~tactically~*~*~ (water).
 28001 | Swamp:3  | Identified the +2 pair of gloves of Spite {rElec rCorr}
 28065 | Swamp:3  | 28065 ||| Stepping ~*~*~tactically~*~*~ (hiding).
 28066 | Swamp:3  | 28066 ||| Stepping ~*~*~tactically~*~*~ (hiding).
 28076 | Swamp:3  | 28076 ||| Stepping ~*~*~tactically~*~*~ (cloud).
 28155 | Swamp:3  | 28155 ||| PLANNING SNAKE:1-3
 28155 | Swamp:3  | 28155 ||| UPGRADING to +2 pair of gloves of Spite {rElec
                  | rCorr}.
 28165 | Swamp:3  | 28165 ||| DROPPING +1 pair of gloves.
 28166 | Swamp:3  | 28166 ||| DROPPING +2 pair of gloves.
 28235 | Snake:1  | Entered Level 1 of the Snake Pit
 28258 | Snake:1  | 28258 ||| Stepping ~*~*~tactically~*~*~ (stealth).
 28328 | Snake:1  | 28328 ||| Stepping ~*~*~tactically~*~*~ (stealth).
 28376 | Snake:1  | Found a runed translucent door.
 28407 | Snake:1  | 28407 ||| Stepping ~*~*~tactically~*~*~ (hiding).
 28431 | Snake:1  | 28431 ||| Stepping ~*~*~tactically~*~*~ (hiding).
 28570 | Snake:1  | 28570 ||| Stepping ~*~*~tactically~*~*~ (hiding).
 28574 | Snake:1  | 28574 ||| Stepping ~*~*~tactically~*~*~ (hiding).
 28576 | Snake:1  | 28576 ||| Stepping ~*~*~tactically~*~*~ (hiding).
 28581 | Snake:1  | 28581 ||| INVOKING Berserk.
 28641 | Snake:1  | 28641 ||| Stepping ~*~*~tactically~*~*~ (hiding).
 28642 | Snake:1  | 28642 ||| Stepping ~*~*~tactically~*~*~ (hiding).
 28649 | Snake:1  | 28649 ||| INVOKING Berserk.
 28656 | Snake:1  | Reached skill level 19 in Fighting
 28900 | Snake:1  | Found Keoprank's Antique Weapon Boutique.
 28904 | Snake:1  | Found Kucaxt's Assorted Antiques.
 28912 | Snake:1  | 28912 ||| BUYING potion of heal wounds (130 gold).
 28912 | Snake:1  | Bought a potion of heal wounds for 130 gold pieces
 28913 | Snake:1  | 28913 ||| Stepping ~*~*~tactically~*~*~ (stealth).
 29121 | Snake:1  | Found a snail-covered altar of Cheibriados.
 29178 | Snake:1  | 29178 ||| Stepping ~*~*~tactically~*~*~ (hiding).
 29182 | Snake:1  | 29182 ||| INVOKING Berserk.
 29209 | Snake:1  | 29209 ||| Stepping ~*~*~tactically~*~*~ (stealth).
 29224 | Snake:1  | 29224 ||| Stepping ~*~*~tactically~*~*~ (stealth).
 29653 | Snake:1  | 29653 ||| Stepping ~*~*~tactically~*~*~ (stealth).
 29692 | Snake:1  | 29692 ||| Stepping ~*~*~tactically~*~*~ (stealth).
 29702 | Snake:1  | 29702 ||| Stepping ~*~*~tactically~*~*~ (stealth).
 29703 | Snake:1  | 29703 ||| Stepping ~*~*~tactically~*~*~ (stealth).
 29812 | Snake:1  | 29812 ||| DROPPING ring of willpower.
 29853 | Snake:2  | Found a broken altar of Ashenzari.
 29933 | Snake:2  | 29933 ||| Stepping ~*~*~tactically~*~*~ (hiding).
 29934 | Snake:2  | 29934 ||| Stepping ~*~*~tactically~*~*~ (hiding).
 29935 | Snake:2  | 29935 ||| Stepping ~*~*~tactically~*~*~ (hiding).
 29937 | Snake:2  | 29937 ||| Stepping ~*~*~tactically~*~*~ (hiding).
 29940 | Snake:2  | 29940 ||| INVOKING Berserk.
 30076 | Snake:2  | Identified the +7 spear "Ablazetyli" {vorpal, Str+3 Int+5}
 30097 | Snake:2  | 30097 ||| Stepping ~*~*~tactically~*~*~ (stealth).
 30106 | Snake:2  | 30106 ||| Stepping ~*~*~tactically~*~*~ (stealth).
 30108 | Snake:2  | 30108 ||| Stepping ~*~*~tactically~*~*~ (stealth).
 30109 | Snake:2  | 30109 ||| Stepping ~*~*~tactically~*~*~ (stealth).
 30221 | Snake:2  | Received a gift from Trog
 30237 | Snake:2  | 30237 ||| DROPPING +3 broad axe.
 30382 | Snake:2  | 30382 ||| Stepping ~*~*~tactically~*~*~ (hiding).
 30384 | Snake:2  | 30384 ||| INVOKING Berserk.
 30396 | Snake:2  | 30396 ||| FLEEEEING.
 30405 | Snake:2  | 30405 ||| STAIRDANCE
 30715 | Snake:2  | 30715 ||| Stepping ~*~*~tactically~*~*~ (stealth).
 30716 | Snake:2  | 30716 ||| Stepping ~*~*~tactically~*~*~ (hiding).
 30728 | Snake:2  | Reached XP level 17. HP: 165/168 MP: 11/16
 30733 | Snake:2  | 30733 ||| Stepping ~*~*~tactically~*~*~ (hiding).
 31017 | Snake:2  | 31017 ||| INVOKING Berserk.
 31367 | Snake:2  | 31367 ||| Stepping ~*~*~tactically~*~*~ (stealth).
 31406 | Snake:2  | 31406 ||| Stepping ~*~*~tactically~*~*~ (hiding).
 31420 | Snake:2  | 31420 ||| INVOKING Berserk.
 31729 | Snake:3  | 31729 ||| Stepping ~*~*~tactically~*~*~ (stealth).
 31741 | Snake:3  | Reached skill level 20 in Fighting
 31798 | Snake:3  | 31798 ||| Stepping ~*~*~tactically~*~*~ (hiding).
 31859 | Snake:3  | 31859 ||| Stepping ~*~*~tactically~*~*~ (stealth).
 32336 | Snake:3  | 32336 ||| Stepping ~*~*~tactically~*~*~ (hiding).
 32342 | Snake:3  | 32342 ||| Stepping ~*~*~tactically~*~*~ (hiding).
 32428 | Snake:3  | Found Viotaiw's Gadget Gallery.
 32434 | Snake:3  | 32434 ||| BUYING wand of digging (7) (382 gold).
 32434 | Snake:3  | Bought a wand of digging (7) for 382 gold pieces
 32796 | Snake:3  | 32796 ||| INVOKING Brothers in Arms.
 32800 | Snake:3  | 32800 ||| INVOKING Berserk.
 32918 | Snake:3  | 32918 ||| INVOKING Berserk.
 33048 | Snake:3  | 33048 ||| PLANNING SWAMP:4
 33048 | Snake:3  | 33048 ||| DROPPING +4 ring of slaying {mikee}.
 33195 | Swamp:4  | Entered Level 4 of the Swamp
 33221 | Swamp:4  | 33221 ||| INVOKING Berserk.
 33263 | Swamp:4  | 33263 ||| FLEEEEING.
 33264 | Swamp:4  | 33264 ||| FLEEEEING.
 33265 | Swamp:4  | 33265 ||| FLEEEEING.
 33266 | Swamp:4  | 33266 ||| FLEEEEING.
 33267 | Swamp:4  | 33267 ||| FLEEEEING.
 33268 | Swamp:4  | 33268 ||| FLEEEEING.
 33269 | Swamp:4  | 33269 ||| FLEEEEING.
 33270 | Swamp:4  | 33270 ||| FLEEEEING.
 33271 | Swamp:4  | 33271 ||| FLEEEEING.
 33299 | Swamp:4  | 33299 ||| INVOKING Berserk.
 33316 | Swamp:4  | Noticed a tentacled monstrosity
 33325 | Swamp:4  | Killed a tentacled monstrosity
 33401 | Swamp:4  | 33401 ||| Stepping ~*~*~tactically~*~*~ (hiding).
 33404 | Swamp:4  | 33404 ||| INVOKING Berserk.
 33672 | Swamp:4  | 33672 ||| SWAPPING to +0 hand axe of flaming.
 33682 | Swamp:4  | 33682 ||| SWAPPING to +4 broad axe of protection.
 33734 | Swamp:4  | 33734 ||| Stepping ~*~*~tactically~*~*~ (hiding).
 33826 | Swamp:4  | 33826 ||| Stepping ~*~*~tactically~*~*~ (stealth).
 33828 | Swamp:4  | 33828 ||| Stepping ~*~*~tactically~*~*~ (hiding).
 33830 | Swamp:4  | 33830 ||| SWAPPING to +0 hand axe of flaming.
 33831 | Swamp:4  | 33831 ||| SWAPPING to +4 broad axe of protection.
 33834 | Swamp:4  | 33834 ||| INVOKING Berserk.
 33846 | Swamp:4  | 33846 ||| Stepping ~*~*~tactically~*~*~ (cloud).
 33849 | Swamp:4  | 33849 ||| Stepping ~*~*~tactically~*~*~ (cloud).
 33850 | Swamp:4  | 33850 ||| Stepping ~*~*~tactically~*~*~ (cloud).
 33851 | Swamp:4  | 33851 ||| Stepping ~*~*~tactically~*~*~ (cloud).
 33861 | Swamp:4  | 33861 ||| Stepping ~*~*~tactically~*~*~ (water).
 33868 | Swamp:4  | 33868 ||| INVOKING Brothers in Arms.
 33869 | Swamp:4  | 33869 ||| INVOKING Brothers in Arms.
 34169 | Swamp:4  | 34169 ||| Stepping ~*~*~tactically~*~*~ (hiding).
 34438 | Swamp:4  | 34438 ||| INVOKING Trog's Hand.
 34440 | Swamp:4  | 34440 ||| INVOKING Berserk.
 34601 | Swamp:4  | 34601 ||| FLEEEEING.
 34605 | Swamp:4  | 34605 ||| FLEEEEING.
 34704 | Swamp:4  | 34704 ||| Stepping ~*~*~tactically~*~*~ (water).
 34747 | Swamp:4  | 34747 ||| Stepping ~*~*~tactically~*~*~ (cloud).
 34752 | Swamp:4  | 34752 ||| Stepping ~*~*~tactically~*~*~ (cloud).
 34755 | Swamp:4  | 34755 ||| Stepping ~*~*~tactically~*~*~ (cloud).
 34844 | Swamp:4  | 34844 ||| INVOKING Trog's Hand.
 34845 | Swamp:4  | 34845 ||| INVOKING Berserk.
 34894 | Swamp:4  | 34894 ||| INVOKING Berserk.
 34898 | Swamp:4  | Reached skill level 21 in Fighting
 34934 | Swamp:4  | Reached skill level 18 in Shields
 34953 | Swamp:4  | 34953 ||| INVOKING Trog's Hand.
 34955 | Swamp:4  | 34955 ||| INVOKING Berserk.
 34976 | Swamp:4  | 34976 ||| Stepping ~*~*~tactically~*~*~ (stealth).
 35028 | Swamp:4  | 35028 ||| Stepping ~*~*~tactically~*~*~ (water).
 35061 | Swamp:4  | 35061 ||| Stepping ~*~*~tactically~*~*~ (stealth).
 35062 | Swamp:4  | 35062 ||| Stepping ~*~*~tactically~*~*~ (stealth).
 35063 | Swamp:4  | 35063 ||| INVOKING Trog's Hand.
 35077 | Swamp:4  | 35077 ||| Stepping ~*~*~tactically~*~*~ (cloud).
 35078 | Swamp:4  | Paralysed by something for 3 turns
 35087 | Swamp:4  | 35087 ||| Stepping ~*~*~tactically~*~*~ (stealth).
 35099 | Swamp:4  | 35099 ||| Stepping ~*~*~tactically~*~*~ (hiding).
 35198 | Swamp:4  | Got a decaying rune of Zot
 35203 | Swamp:4  | 35203 ||| INVOKING Trog's Hand.
 35205 | Swamp:4  | 35205 ||| INVOKING Berserk.
 35371 | Swamp:4  | 35371 ||| Stepping ~*~*~tactically~*~*~ (water).
 35573 | Swamp:4  | 35573 ||| PLANNING VAULTS:1-4
 35845 | Vaults:1 | Entered Level 1 of the Vaults
 35877 | Vaults:1 | 35877 ||| Stepping ~*~*~tactically~*~*~ (hiding).
 35881 | Vaults:1 | 35881 ||| Stepping ~*~*~tactically~*~*~ (hiding).
 36099 | Vaults:1 | 36099 ||| Stepping ~*~*~tactically~*~*~ (hiding).
 36100 | Vaults:1 | 36100 ||| Stepping ~*~*~tactically~*~*~ (hiding).
 36381 | Vaults:1 | 36381 ||| INVOKING Berserk.
 36513 | Vaults:1 | Reached XP level 18. HP: 166/182 MP: 17/17
 36552 | Vaults:1 | 36552 ||| DROPPING +0 hand axe of flaming.
 36590 | Vaults:1 | 36590 ||| INVOKING Berserk.
 36597 | Vaults:1 | Reached skill level 18 in Armour
 36782 | Vaults:1 | 36782 ||| Stepping ~*~*~tactically~*~*~ (stealth).
 36791 | Vaults:1 | 36791 ||| INVOKING Trog's Hand.
 36838 | Vaults:1 | 36838 ||| Stepping ~*~*~tactically~*~*~ (hiding).
 36844 | Vaults:1 | 36844 ||| INVOKING Berserk.
 37193 | Vaults:1 | 37193 ||| Stepping ~*~*~tactically~*~*~ (hiding).
 37201 | Vaults:1 | 37201 ||| Stepping ~*~*~tactically~*~*~ (hiding).
 37601 | Vaults:1 | 37601 ||| Stepping ~*~*~tactically~*~*~ (stealth).
 37606 | Vaults:1 | 37606 ||| Stepping ~*~*~tactically~*~*~ (stealth).
 37622 | Vaults:1 | 37622 ||| Stepping ~*~*~tactically~*~*~ (hiding).
 37625 | Vaults:1 | 37625 ||| Stepping ~*~*~tactically~*~*~ (hiding).
 37626 | Vaults:1 | 37626 ||| Stepping ~*~*~tactically~*~*~ (hiding).
 37627 | Vaults:1 | 37627 ||| Stepping ~*~*~tactically~*~*~ (hiding).
 37631 | Vaults:1 | 37631 ||| INVOKING Trog's Hand.
 37803 | Vaults:1 | 37803 ||| DROPPING ring of flight.
 37847 | Vaults:2 | 37847 ||| PLANNING WIZLAB
 37848 | Vaults:2 | 37848 ||| STAIRDANCE
 37856 | Vaults:2 | 37856 ||| STAIRDANCE
 37864 | Vaults:1 | Reached skill level 22 in Fighting
 37950 | Vaults:2 | 37950 ||| Stepping ~*~*~tactically~*~*~ (stealth).
 38082 | Vaults:2 | 38082 ||| INVOKING Trog's Hand.
 38093 | Vaults:2 | 38093 ||| FLEEEEING.
 38094 | Vaults:2 | 38094 ||| FLEEEEING.
 38095 | Vaults:2 | 38095 ||| FLEEEEING.
 38096 | Vaults:2 | 38096 ||| FLEEEEING.
 38097 | Vaults:2 | 38097 ||| FLEEEEING.
 38098 | Vaults:2 | 38098 ||| FLEEEEING.
 38099 | Vaults:2 | 38099 ||| FLEEEEING.
 38100 | Vaults:2 | 38100 ||| FLEEEEING.
 38101 | Vaults:2 | 38101 ||| FLEEEEING.
 38102 | Vaults:2 | 38102 ||| FLEEEEING.
 38103 | Vaults:2 | 38103 ||| FLEEEEING.
 38104 | Vaults:2 | 38104 ||| FLEEEEING.
 38105 | Vaults:2 | 38105 ||| FLEEEEING.
 38106 | Vaults:2 | 38106 ||| FLEEEEING.
 38107 | Vaults:2 | 38107 ||| FLEEEEING.
 38108 | Vaults:2 | 38108 ||| FLEEEEING.
 38109 | Vaults:2 | 38109 ||| FLEEEEING.
 38110 | Vaults:2 | 38110 ||| FLEEEEING.
 38111 | Vaults:2 | 38111 ||| FLEEEEING.
 38112 | Vaults:2 | 38112 ||| FLEEEEING.
 38118 | Vaults:2 | 38118 ||| FLEEEEING.
 38119 | Vaults:2 | 38119 ||| FLEEEEING.
 38120 | Vaults:2 | 38120 ||| FLEEEEING.
 38121 | Vaults:2 | 38121 ||| FLEEEEING.
 38122 | Vaults:2 | 38122 ||| FLEEEEING.
 38123 | Vaults:2 | 38123 ||| FLEEEEING.
 38125 | Vaults:2 | 38125 ||| INVOKING Berserk.
 38139 | Vaults:2 | 38139 ||| INVOKING Trog's Hand.
 38152 | Vaults:2 | 38152 ||| INVOKING Trog's Hand.
 38228 | Vaults:2 | 38228 ||| FLEEEEING.
 38232 | Vaults:2 | 38232 ||| STAIRDANCE
 38304 | Vaults:2 | 38304 ||| STAIRDANCE
 38317 | Vaults:2 | 38317 ||| STAIRDANCE
 38341 | Vaults:2 | 38341 ||| INVOKING Brothers in Arms.
 38345 | Vaults:2 | 38345 ||| INVOKING Brothers in Arms.
 38346 | Vaults:2 | 38346 ||| INVOKING Brothers in Arms.
 38347 | Vaults:2 | 38347 ||| INVOKING Berserk.
 38592 | Vaults:2 | 38592 ||| RIP WIZLAB
 38608 | Vaults:2 | 38608 ||| PLANNING VAULTS:1-4
 38615 | Vaults:2 | 38615 ||| INVOKING Trog's Hand.
 38616 | Vaults:2 | 38616 ||| INVOKING Berserk.
 38881 | Vaults:2 | 38881 ||| Stepping ~*~*~tactically~*~*~ (hiding).
 38947 | Vaults:2 | 38947 ||| Stepping ~*~*~tactically~*~*~ (hiding).
 38948 | Vaults:2 | 38948 ||| Stepping ~*~*~tactically~*~*~ (hiding).
 39078 | Vaults:2 | Noticed Bai Suzhen
 39079 | Vaults:2 | 39079 ||| INVOKING Brothers in Arms.
 39081 | Vaults:2 | 39081 ||| INVOKING Berserk.
 39090 | Vaults:2 | Killed Bai Suzhen
 39094 | Vaults:2 | 39094 ||| Stepping ~*~*~tactically~*~*~ (cloud).
 39307 | Vaults:2 | 39307 ||| Stepping ~*~*~tactically~*~*~ (hiding).
 39319 | Vaults:2 | 39319 ||| INVOKING Trog's Hand.
 39789 | Vaults:2 | Found a staircase to the Crypt.
 40045 | Vaults:3 | Identified a scroll of acquirement
 40053 | Vaults:3 | 40053 ||| READING scroll of acquirement.
 40053 | Vaults:3 | 40053 ||| ACQUIRING 704 gold pieces
 40053 | Vaults:3 | Acquired 704 gold pieces
 40096 | Vaults:3 | 40096 ||| INVOKING Trog's Hand.
 40124 | Vaults:3 | 40124 ||| Stepping ~*~*~tactically~*~*~ (stealth).
 40125 | Vaults:3 | 40125 ||| FLEEEEING.
 40149 | Vaults:3 | Reached skill level 23 in Fighting
 40267 | Vaults:3 | 40267 ||| FLEEEEING.
 40272 | Vaults:3 | 40272 ||| STAIRDANCE
 40366 | Vaults:3 | 40366 ||| READING 15 scrolls of teleportation.
 40615 | Vaults:3 | 40615 ||| Stepping ~*~*~tactically~*~*~ (hiding).
 40909 | Vaults:3 | Reached XP level 19. HP: 188/195 MP: 18/18
 41047 | Vaults:3 | 41047 ||| INVOKING Brothers in Arms.
 41051 | Vaults:3 | 41051 ||| INVOKING Berserk.
 41060 | Vaults:3 | Reached skill level 12 in Dodging
 41075 | Vaults:3 | Received a gift from Trog
 41144 | Vaults:3 | 41144 ||| DROPPING +1 antimagic broad axe.
 41183 | Vaults:3 | 41183 ||| Stepping ~*~*~tactically~*~*~ (stealth).
 41313 | Vaults:3 | 41313 ||| READING 14 scrolls of teleportation.
 41503 | Vaults:3 | 41503 ||| Stepping ~*~*~tactically~*~*~ (stealth).
 41505 | Vaults:3 | 41505 ||| Stepping ~*~*~tactically~*~*~ (hiding).
 41853 | Vaults:4 | 41853 ||| Stepping ~*~*~tactically~*~*~ (stealth).
 41861 | Vaults:4 | 41861 ||| Stepping ~*~*~tactically~*~*~ (stealth).
 41867 | Vaults:4 | 41867 ||| Stepping ~*~*~tactically~*~*~ (hiding).
 41875 | Vaults:4 | 41875 ||| INVOKING Brothers in Arms.
 41876 | Vaults:4 | 41876 ||| INVOKING Brothers in Arms.
 41877 | Vaults:4 | 41877 ||| INVOKING Berserk.
 41885 | Vaults:4 | Reached skill level 24 in Fighting
 42311 | Vaults:4 | 42311 ||| Stepping ~*~*~tactically~*~*~ (stealth).
 42329 | Vaults:4 | 42329 ||| Stepping ~*~*~tactically~*~*~ (stealth).
 42330 | Vaults:4 | 42330 ||| Stepping ~*~*~tactically~*~*~ (stealth).
 42333 | Vaults:4 | 42333 ||| Stepping ~*~*~tactically~*~*~ (stealth).
 42340 | Vaults:4 | 42340 ||| Stepping ~*~*~tactically~*~*~ (stealth).
 42341 | Vaults:4 | 42341 ||| Stepping ~*~*~tactically~*~*~ (stealth).
 42420 | Vaults:4 | 42420 ||| INVOKING Trog's Hand.
 42650 | Vaults:4 | 42650 ||| Stepping ~*~*~tactically~*~*~ (hiding).
 42651 | Vaults:4 | 42651 ||| Stepping ~*~*~tactically~*~*~ (hiding).
 42652 | Vaults:4 | 42652 ||| INVOKING Trog's Hand.
 42771 | Vaults:4 | 42771 ||| READING scroll of acquirement.
 42771 | Vaults:4 | 42771 ||| ACQUIRING 1046 gold pieces
 42771 | Vaults:4 | Acquired 1046 gold pieces
 42841 | Vaults:4 | 42841 ||| Stepping ~*~*~tactically~*~*~ (stealth).
 42845 | Vaults:4 | 42845 ||| INVOKING Trog's Hand.
 42864 | Vaults:4 | 42864 ||| FLEEEEING.
 42867 | Vaults:4 | 42867 ||| FLEEEEING.
 42868 | Vaults:4 | 42868 ||| FLEEEEING.
 42869 | Vaults:4 | 42869 ||| FLEEEEING.
 42870 | Vaults:4 | 42870 ||| FLEEEEING.
 42871 | Vaults:4 | 42871 ||| FLEEEEING.
 42873 | Vaults:4 | 42873 ||| FLEEEEING.
 42874 | Vaults:4 | 42874 ||| FLEEEEING.
 42880 | Vaults:4 | 42880 ||| FLEEEEING.
 42881 | Vaults:4 | 42881 ||| FLEEEEING.
 42882 | Vaults:4 | 42882 ||| FLEEEEING.
 42883 | Vaults:4 | 42883 ||| FLEEEEING.
 42884 | Vaults:4 | 42884 ||| FLEEEEING.
 42885 | Vaults:4 | 42885 ||| FLEEEEING.
 42886 | Vaults:4 | 42886 ||| FLEEEEING.
 42887 | Vaults:4 | 42887 ||| FLEEEEING.
 42888 | Vaults:4 | 42888 ||| FLEEEEING.
 42891 | Vaults:4 | 42891 ||| STAIRDANCE
 42966 | Vaults:4 | 42966 ||| INVOKING Brothers in Arms.
 42967 | Vaults:4 | 42967 ||| INVOKING Berserk.
 43180 | Vaults:4 | 43180 ||| Stepping ~*~*~tactically~*~*~ (hiding).
 43187 | Vaults:4 | 43187 ||| INVOKING Trog's Hand.
 43194 | Vaults:4 | 43194 ||| INVOKING Berserk.
 43331 | Vaults:4 | 43331 ||| PLANNING SNAKE:4
 43705 | Snake:4  | Entered Level 4 of the Snake Pit
 43722 | Snake:4  | 43722 ||| Stepping ~*~*~tactically~*~*~ (hiding).
 43726 | Snake:4  | 43726 ||| INVOKING Berserk.
 43883 | Snake:4  | 43883 ||| Stepping ~*~*~tactically~*~*~ (stealth).
 43993 | Snake:4  | 43993 ||| Stepping ~*~*~tactically~*~*~ (hiding).
 43997 | Snake:4  | 43997 ||| INVOKING Berserk.
 44142 | Snake:4  | 44142 ||| Stepping ~*~*~tactically~*~*~ (hiding).
 44154 | Snake:4  | 44154 ||| INVOKING Berserk.
 44313 | Snake:4  | 44313 ||| Stepping ~*~*~tactically~*~*~ (hiding).
 44322 | Snake:4  | 44322 ||| Stepping ~*~*~tactically~*~*~ (hiding).
 44356 | Snake:4  | 44356 ||| Stepping ~*~*~tactically~*~*~ (hiding).
 44359 | Snake:4  | 44359 ||| INVOKING Berserk.
 44469 | Snake:4  | 44469 ||| Stepping ~*~*~tactically~*~*~ (hiding).
 44473 | Snake:4  | Noticed Vashnia
 44475 | Snake:4  | 44475 ||| INVOKING Berserk.
 44489 | Snake:4  | 44489 ||| INVOKING Brothers in Arms.
 44490 | Snake:4  | 44490 ||| INVOKING Brothers in Arms.
 44498 | Snake:4  | Killed Vashnia
 44757 | Snake:4  | 44757 ||| INVOKING Berserk.
 44793 | Snake:4  | 44793 ||| INVOKING Brothers in Arms.
 45152 | Snake:4  | 45152 ||| Stepping ~*~*~tactically~*~*~ (hiding).
 45166 | Snake:4  | 45166 ||| INVOKING Berserk.
 45298 | Snake:4  | 45298 ||| Stepping ~*~*~tactically~*~*~ (hiding).
 45426 | Snake:4  | 45426 ||| INVOKING Berserk.
 45435 | Snake:4  | Reached skill level 25 in Fighting
 45449 | Snake:4  | 45449 ||| INVOKING Brothers in Arms.
 45450 | Snake:4  | 45450 ||| INVOKING Brothers in Arms.
 45461 | Snake:4  | 45461 ||| INVOKING Brothers in Arms.
 45462 | Snake:4  | 45462 ||| INVOKING Brothers in Arms.
 45463 | Snake:4  | 45463 ||| INVOKING Brothers in Arms.
 45502 | Snake:4  | 45502 ||| INVOKING Berserk.
 45559 | Snake:4  | 45559 ||| INVOKING Berserk.
 45864 | Snake:4  | Got a serpentine rune of Zot
 45944 | Snake:4  | 45944 ||| INVOKING Berserk.
 46197 | Snake:4  | 46197 ||| Stepping ~*~*~tactically~*~*~ (hiding).
 46198 | Snake:4  | 46198 ||| Stepping ~*~*~tactically~*~*~ (hiding).
 46203 | Snake:4  | 46203 ||| INVOKING Berserk.
 46217 | Snake:4  | Reached XP level 20. HP: 210/210 MP: 19/19
 46267 | Snake:4  | 46267 ||| Stepping ~*~*~tactically~*~*~ (hiding).
 46311 | Snake:4  | 46311 ||| INVOKING Berserk.
 46327 | Snake:4  | 46327 ||| Stepping ~*~*~tactically~*~*~ (hiding).
 46329 | Snake:4  | 46329 ||| INVOKING Brothers in Arms.
 46330 | Snake:4  | 46330 ||| INVOKING Brothers in Arms.
 46331 | Snake:4  | 46331 ||| INVOKING Brothers in Arms.
 46332 | Snake:4  | 46332 ||| INVOKING Brothers in Arms.
 46333 | Snake:4  | 46333 ||| INVOKING Brothers in Arms.
 46679 | Snake:4  | Identified the +1 swamp dragon scales of the Salamander
                  | {rElec rPois Int-4 Dex+4}
 46935 | Snake:4  | 46935 ||| PLANNING DEPTHS
 46935 | Snake:4  | 46935 ||| UPGRADING to +2 tower shield.
 46945 | Snake:4  | 46945 ||| DROPPING +1 kite shield of protection.
 46946 | Snake:4  | 46946 ||| DROPPING ring "Hoiryijo" {rPois rC- rN+ Stlth+}.
 47256 | Depths:1 | Entered Level 1 of the Depths
 47256 | Depths:1 | Found Numm's Armour Shoppe.
 47395 | Depths:1 | 47395 ||| INVOKING Berserk.
 47655 | Depths:1 | 47655 ||| Stepping ~*~*~tactically~*~*~ (hiding).
 47658 | Depths:1 | 47658 ||| INVOKING Berserk.
 47810 | Depths:1 | 47810 ||| Stepping ~*~*~tactically~*~*~ (hiding).
 47811 | Depths:1 | 47811 ||| Stepping ~*~*~tactically~*~*~ (hiding).
 47945 | Depths:1 | Found Itauch's General Store.
 47998 | Depths:1 | Found Misohan's Book Shoppe.
 48002 | Depths:1 | 48002 ||| BUYING potion of mutation (128 gold).
 48002 | Depths:1 | Bought a potion of mutation for 128 gold pieces
 48004 | Depths:1 | Identified the +2 robe of the Sun {SInv}
 48053 | Depths:1 | 48053 ||| Stepping ~*~*~tactically~*~*~ (hiding).
 48054 | Depths:1 | 48054 ||| Stepping ~*~*~tactically~*~*~ (hiding).
 48376 | Depths:1 | 48376 ||| INVOKING Brothers in Arms.
 48377 | Depths:1 | 48377 ||| INVOKING Brothers in Arms.
 48394 | Depths:1 | 48394 ||| INVOKING Berserk.
 48396 | Depths:1 | Reached skill level 6 in Throwing
 48687 | Depths:1 | Found a transporter.
 48691 | Depths:1 | Found a transporter.
 48715 | Depths:1 | Noticed a dread lich
 48716 | Depths:1 | 48716 ||| INVOKING Trog's Hand.
 48719 | Depths:1 | 48719 ||| INVOKING Berserk.
 48743 | Depths:1 | Killed a dread lich
 48745 | Depths:1 | 48745 ||| INVOKING Trog's Hand.
 48751 | Depths:1 | HP: 41/191 [flayed ghost/flay_damage (12)]
 48752 | Depths:1 | 48752 ||| READING 14 scrolls of teleportation.
 48752 | Depths:1 | HP: 20/189 [flayed ghost/flay_damage (5)]
 48752 | Depths:1 | HP: 3/185 [shadow dragon/bolt of negative energy (13)]
 48753 | Depths:1 | 48753 ||| DRINKING 7 potions of heal wounds.
 48855 | Depths:1 | 48855 ||| Invisible monster not found???
 48891 | Depths:1 | 48891 ||| Stepping ~*~*~tactically~*~*~ (stealth).
 48893 | Depths:1 | 48893 ||| Stepping ~*~*~tactically~*~*~ (hiding).
 48921 | Depths:1 | Found a transporter.
 48922 | Depths:1 | Found a transporter.
 48932 | Depths:1 | Found a gateway to Hell.
 48933 | Depths:1 | 48933 ||| Stepping ~*~*~tactically~*~*~ (hiding).
 48987 | Depths:1 | Found a transporter.
 48988 | Depths:1 | Found a transporter.
 48996 | Depths:1 | Found a one-way gate to the infinite horrors of the Abyss.
 49068 | Depths:1 | 49068 ||| INVOKING Berserk.
 49195 | Depths:1 | 49195 ||| Stepping ~*~*~tactically~*~*~ (stealth).
 49202 | Depths:1 | 49202 ||| Stepping ~*~*~tactically~*~*~ (stealth).
 49208 | Depths:1 | 49208 ||| Stepping ~*~*~tactically~*~*~ (stealth).
 49209 | Depths:1 | 49209 ||| INVOKING Berserk.
 49402 | Depths:1 | 49402 ||| INVOKING Trog's Hand.
 49470 | Depths:1 | 49470 ||| Stepping randomly (disturbance).
 49471 | Depths:1 | 49471 ||| Stepping randomly (disturbance).
 50139 | Depths:1 | 50139 ||| Stepping ~*~*~tactically~*~*~ (stealth).
 50375 | Depths:1 | 50375 ||| Stepping ~*~*~tactically~*~*~ (stealth).
 50377 | Depths:1 | 50377 ||| Stepping ~*~*~tactically~*~*~ (hiding).
 50384 | Depths:1 | Reached skill level 21 in Shields
 50667 | Depths:1 | 50667 ||| Stepping ~*~*~tactically~*~*~ (hiding).
 51449 | Depths:1 | 51449 ||| Stepping ~*~*~tactically~*~*~ (stealth).
 51450 | Depths:1 | 51450 ||| Stepping ~*~*~tactically~*~*~ (stealth).
 51451 | Depths:1 | 51451 ||| Stepping ~*~*~tactically~*~*~ (stealth).
 51877 | Depths:2 | Noticed Sojobo
 51879 | Depths:2 | 51879 ||| INVOKING Berserk.
 51897 | Depths:2 | Paralysed by an air elemental for 1 turns
 51900 | Depths:2 | Paralysed by an air elemental for 1 turns
 51914 | Depths:2 | Killed Sojobo
 52230 | Depths:2 | 52230 ||| INVOKING Berserk.
 52473 | Depths:2 | Found a one-way gateway to a ziggurat.
 52524 | Depths:2 | 52524 ||| DRINKING 19 potions of curing.
 52524 | Depths:2 | 52524 ||| (to cure confusion)
 52575 | Depths:2 | 52575 ||| INVOKING Berserk.
 52728 | Depths:2 | 52728 ||| Stepping ~*~*~tactically~*~*~ (hiding).
 52729 | Depths:2 | 52729 ||| Stepping ~*~*~tactically~*~*~ (hiding).
 52781 | Depths:2 | 52781 ||| INVOKING Berserk.
 52932 | Depths:2 | 52932 ||| Stepping ~*~*~tactically~*~*~ (hiding).
 52938 | Depths:2 | 52938 ||| Stepping ~*~*~tactically~*~*~ (stealth).
 53091 | Depths:2 | Found a one-way gate leading to the halls of Pandemonium.
 53099 | Depths:2 | 53099 ||| FLEEEEING.
 53100 | Depths:2 | 53100 ||| FLEEEEING.
 53101 | Depths:2 | 53101 ||| FLEEEEING.
 53102 | Depths:2 | 53102 ||| FLEEEEING.
 53103 | Depths:2 | 53103 ||| FLEEEEING.
 53104 | Depths:2 | 53104 ||| FLEEEEING.
 53106 | Depths:2 | 53106 ||| FLEEEEING.
 53107 | Depths:2 | 53107 ||| FLEEEEING.
 53194 | Depths:2 | 53194 ||| Stepping ~*~*~tactically~*~*~ (cloud).
 53351 | Depths:2 | Identified the +4 plate armour of Uskayaw's Displeasure
                  | {Stlth+}
 53448 | Depths:2 | 53448 ||| INVOKING Berserk.
 53636 | Depths:2 | 53636 ||| INVOKING Trog's Hand.
 53686 | Depths:2 | 53686 ||| INVOKING Trog's Hand.
 54082 | Depths:2 | 54082 ||| UPGRADING to +4 plate armour of Uskayaw's
                  | Displeasure {Stlth+}.
 54158 | Depths:3 | 54158 ||| INVOKING Berserk.
 54170 | Depths:3 | Noticed Boris
 54175 | Depths:3 | Noticed Xtahua
 54176 | Depths:3 | 54176 ||| INVOKING Trog's Hand.
 54178 | Depths:3 | 54178 ||| Stepping ~*~*~tactically~*~*~ (hiding).
 54184 | Depths:3 | 54184 ||| INVOKING Trog's Hand.
 54186 | Depths:3 | Killed from afar by Boris

Levels and vault maps discovered:
D:1:      kb_arrival_jail, layout_rooms, hellmonk_ecumenical_altar_leap_of_faith
D:2:      layout_rooms, basic_altar
D:3:      layout_basic, uniq_sigmund, uniq_robin, uniq_terence
D:4:      layout_cave_pools, mainiacjoe_overflow_24_doors
D:5:      layout_loops_ring, serial_shops, shop, uniq_edmund
D:6:      layout_basic, elyvilon_altar_1, minmay_temple_entry_large_hall,
          nicolae_stop_n_shop_2, chequers_decorated_corner
D:7:      layout_basic
D:8:      layout_layer_cave
D:9:      layout_rooms, tso_metal_star, serial_shops, shop
D:10:     layout_small_grid, nicolae_gozag_zags_fifth_avenue,
          okawaru_gym_becter, nicolae_overflow_hidden_temple, orc_0_dummy,
          uniq_maggie, uniq_sonja
D:11:     layout_basic, minmay_lair_entry_grove, ebering_ghost_rock_garden,
          nicolae_ashenzari_panopticon
D:12:     layout_cave_pools, enter_trove_1, chequers_serial_rivers_marsh,
          minmay_misc_feat_hallway
D:13:     layout_cave_pods, uniq_rupert
D:14:     layout_irregular_city, david_vaults_3,
          hangedman_abyss_or_decor_passed, uniq_lodul
D:15:     grunt_enter_depths_magical_seal, layout_irregular_city, fountainhead
Lair:1:   layout_loops_ring, basic_altar, lemuel_fruit_tree, uniq_fannar
Lair:2:   cheibrodos_lair_overgrown_chateau, layout_small_grid,
          gammafunk_ghost_hydra_chop
Lair:3:   layout_chaotic_city, minmay_swamp_entry_reptiles,
          minmay_snake_entry_six_corridors, portal_ice_cave_entry_ice_simulacra
Lair:4:   layout_regular_city, slime_entry_2
Lair:5:   guppyfry_lair_end_dragon, layout_loops_ring, wormcave, basic_altar
Swamp:1:  layout_falls_marsh, nicolae_swamp_trees_clearing, swamp_pool5,
          st_swamp_ruins_2
Swamp:2:  layout_basic_swamp, evilmike_swamp_ruin_house_3
Swamp:3:  layout_falls_marsh, evilmike_swamp_ruin_house_2, swamp_pool3,
          hangedman_swamp_lotus, nicolae_swamp_orc_logging_accident
Swamp:4:  nzn_swamp_witches_coven, layout_basic_swamp, swamp_pool3,
          nicolae_swamp_spooky_pond
Snake:1:  cheibrodos_toxic_ritual, layout_basic, basic_altar,
          nicolae_snake_dead_anacondas, minmay_shoptagon
Snake:2:  layout_chambers, basic_altar, grunt_megastairs_3
Snake:3:  dpeg_oklob_gauntlet, layout_cave_pods, nicolae_shop_gadgets,
          nicolae_triple_integral
Snake:4:  grunt_snake_rune_spirals, layout_concentric_octagons, uniq_vashnia
Orc:1:    layout_caves, nicolae_volcano_entry_hallway, guppyfry_orc_lava_fort
Orc:2:    st_orc_mages, layout_diamond_mine
Vaults:1: v_misc_19, vaults_room_stairs_pillars, nicolae_vaults_ninety_degrees,
          v_misc_25, v_rooms_6, vaults_dpeg_spiral, v_misc_26,
          nicolae_vaults_mini_display_case, vaults_dpeg_encased_lava,
          vaults_room_corners, nicolae_vaults_yaktaur_gun_rack,
          nicolae_vaults_ring_of_whatevers, layout_vaults_omnicross
Vaults:2: infiniplex_enter_wizlab_water, minmay_crypt_entry_simple_corners,
          nicolae_vaults_know_your_exits, vaults_dpeg_ring,
          vaults_room_door_ring, hangedman_vaults_snaps, grunt_vaults_funnel,
          layout_vaults_quadrants, uniq_bai_suzhen
Vaults:3: v_rooms_4, nicolae_vaults_big_angled_halls,
          vaults_standard_mumra_enter_the_diamond, v_misc_14,
          vaults_room_grunt_arrival_ludios,
          nicolae_vaults_windows_and_doors_thing, vaults_standard_mumra_x,
          vaults_room_octagon, ontoclasm_vaults_eye,
          hangedman_vaults_corner_blocks, vaults_mumra_lcd,
          layout_vaults_omnibox
Vaults:4: nicolae_vaults_asterisk, grunt_vaults_focal, ontoclasm_vaults_tryst,
          nicolae_vaults_little_ls, vaults_room_corners,
          vaults_standard_mumra_lines, vaults_room_large_hall,
          grunt_vaults_trifunnel, hangedman_vaults_river_flow,
          grunt_vaults_hallway_short, nicolae_vaults_alarming,
          vaults_room_stairs_pillars, layout_vaults_ring
Depths:1: layout_roguey [special_room_morgue], abyss_entry, serial_shops, shop,
          hell_entry, nicolae_hexahallways, serial_nicolae_subway,
          nicolae_sub_station_stone, nicolae_sub_station_metal,
          nicolae_sub_station_crystal, minmay_shop_star, firewood_loft
Depths:2: cheibrodos_birdhouse, layout_gridlike, enter_ziggurat_d, pan_entry,
          chequers_serial_rivers_small_3, lightli_too_deep,
          nicolae_two_hexagons, uniq_sojobo
Depths:3: minmay_bubble_buster, layout_cave_pools,
          hellmonk_ghost_happy_afterlife, hell_entry, minmay_misc_feat_rugged,
          minmay_room_of_horrors, minmay_misc_feat_more_columns, uniq_margery,
          uniq_xtahua, uniq_parghit, uniq_boris

Skill      XL: |  1  2  3  4  5  6  7  8  9 10 11 12 13 14 15 16 17 18 19 20 |
---------------+-------------------------------------------------------------+-----
Axes           | 4 5 7 9 10 11 13 15 18 19 | 19.0
Throwing       | 1 2 3 4 5 8 |  8.9
Fighting       | 4 5 6 8 9 12 15 16 17 19 21 23 25 | 25.0
Armour         | 4 5 7 8 11 13 15 16 17 19 20 | 20.1
Dodging        | 3 4 6 8 9 10 11 12 13 | 13.0
Shields        | 8 15 17 18 19 21 | 21.4

Action                   |  1- 3 |  4- 6 |  7- 9 | 10-12 | 13-15 | 16-18 | 19-21 || total
-------------------------+-------+-------+-------+-------+-------+-------+-------++-------
Melee: Hand axe          |    54 |       |       |    13 |    29 |    13 |       ||   109
       Headbutt          |    19 |     8 |    42 |    57 |   227 |   344 |   285 ||   982
       War axe           |    32 |    36 |     6 |       |       |       |       ||    74
       Broad axe         |       |       |   163 |   285 |   946 |  1274 |   872 ||  3540
       Punch             |       |       |     2 |     7 |    11 |       |       ||    20
Throw: Javelin           |     3 |    19 |    43 |    16 |       |       |       ||    81
       Boomerang         |       |       |    28 |    71 |    66 |    27 |    22 ||   214
Invok: Berserk           |     2 |     4 |     8 |     6 |    39 |    30 |    29 ||   118
       Brothers in Arms  |       |       |       |     2 |     7 |     5 |     9 ||    23
       Trog's Hand       |       |       |       |       |     7 |    13 |    11 ||    31
  Use: Scroll            |     7 |     4 |     8 |     5 |    11 |     2 |     3 ||    40
       Potion            |     2 |     1 |     2 |     1 |     1 |       |     2 ||     9
 Stab: Paralysed         |       |       |       |       |     2 |       |       ||     2
       Distracted        |       |       |       |       |     1 |       |     1 ||     2
Armor: Animal skin       |     8 |       |       |       |       |       |       ||     8
       Chain mail        |     8 |    16 |    25 |       |   206 |   493 |   414 ||  1162
       Plate armour      |       |       |    75 |   161 |   218 |       |    10 ||   464
Dodge: Dodged            |    40 |    10 |    67 |   120 |   406 |   310 |   224 ||  1177
Block: Buckler           |       |       |       |       |    37 |       |       ||    37
       Kite shield       |       |       |       |       |   190 |  1028 |   387 ||  1605
       Reflection        |       |       |       |       |     6 |    68 |    93 ||   167
       Tower shield      |       |       |       |       |       |       |   397 ||   397

Table legend:
 A = Non-vault XP
 B = Vault XP
 C = Vault XP percentage of total XP
 D = Non-vault monster count
 E = Vault monster count
 F = Vault count percentage of total count
                 A         B        C        D         E       F
            +---------+---------+-------+---------+---------+-------
      Total |  330856 |  226714 |  40.7 |     836 |     408 |  32.8
            +---------+---------+-------+---------+---------+-------
        D:1 |      47 |       0 |   0.0 |      28 |       0 |   0.0
        D:2 |      24 |       0 |   0.0 |      14 |       0 |   0.0
        D:3 |     141 |     311 |  68.8 |      21 |      14 |  40.0
        D:4 |     333 |       0 |   0.0 |      13 |       0 |   0.0
        D:5 |     325 |     147 |  31.1 |      22 |       1 |   4.3
        D:6 |     850 |       0 |   0.0 |      15 |       0 |   0.0
        D:7 |    1000 |       0 |   0.0 |      12 |       0 |   0.0
        D:8 |    2088 |       0 |   0.0 |      23 |       0 |   0.0
        D:9 |    3141 |       0 |   0.0 |      24 |       0 |   0.0
       D:10 |    2099 |    1135 |  35.1 |      11 |       2 |  15.4
       D:11 |    6346 |    2040 |  24.3 |      19 |      12 |  38.7
       D:12 |    7402 |       0 |   0.0 |      19 |       0 |   0.0
       D:13 |    7410 |    2336 |  24.0 |      17 |       6 |  26.1
       D:14 |   14121 |    6969 |  33.0 |      31 |      24 |  43.6
       D:15 |    9872 |    4232 |  30.0 |      20 |       8 |  28.6
     Lair:1 |    1262 |     878 |  41.0 |       6 |       1 |  14.3
     Lair:2 |    2760 |    4889 |  63.9 |       9 |      15 |  62.5
     Lair:3 |    7514 |    3157 |  29.6 |      32 |      17 |  34.7
     Lair:4 |    7109 |       0 |   0.0 |      27 |       0 |   0.0
     Lair:5 |    9450 |    3106 |  24.7 |      29 |      10 |  25.6
    Swamp:1 |   11492 |    3364 |  22.6 |      26 |       9 |  25.7
    Swamp:2 |   14291 |       0 |   0.0 |      25 |       0 |   0.0
    Swamp:3 |   13754 |       0 |   0.0 |      19 |       0 |   0.0
    Swamp:4 |   12778 |   27102 |  68.0 |      22 |      42 |  65.6
    Snake:1 |   19151 |   11588 |  37.7 |      35 |      17 |  32.7
    Snake:2 |   13944 |    2963 |  17.5 |      32 |       5 |  13.5
    Snake:3 |   11616 |    1129 |   8.9 |      24 |       2 |   7.7
    Snake:4 |   18015 |   42357 |  70.2 |      29 |      49 |  62.8
      Orc:1 |     854 |    2098 |  71.1 |      15 |      13 |  46.4
      Orc:2 |    1554 |    4666 |  75.0 |      19 |      37 |  66.1
   Vaults:1 |   28038 |   12589 |  31.0 |      51 |      18 |  26.1
   Vaults:2 |   27389 |    9210 |  25.2 |      50 |      10 |  16.7
   Vaults:3 |   23619 |   27745 |  54.0 |      33 |      39 |  54.2
   Vaults:4 |    8831 |   13694 |  60.8 |      13 |      19 |  59.4
   Depths:1 |   30002 |   23987 |  44.4 |      38 |      24 |  38.7
   Depths:2 |    9984 |   15022 |  60.1 |      11 |      14 |  56.0
   Depths:3 |    2250 |       0 |   0.0 |       2 |       0 |   0.0
            +---------+---------+-------+---------+---------+-------
